Workbook

Sheet CARÁTULA
A7: GOBIERNO DEL ESTADO DE VERACRUZ DE IGNACIO DE LA LLAVE
A8: INSTITUTO TECNOLÓGICO SUPERIOR DE PEROTE
A9: CUENTA PÚBLICA 2021
A10: DEL 1 DE ENERO AL 31 DE DICIEMBRE DE 2021
A11: LEY DE DISCIPLINA FINANCIERA

Sheet 1SIT FINANC
A1: CUENTA PÚBLICA 2021
A2: =CARÁTULA!A8 -> INSTITUTO TECNOLÓGICO SUPERIOR DE PEROTE
A3: Estado de Situación Financiera Detallado - LDF
A4: Al 31 de Diciembre de 2020 y al 31 de Diciembre de 2021
A5: (PESOS)
A6: Concepto (c) | B6: 2021 | C6: 31 de | E6: Concepto (c) | F6: =B6 -> 2021 | G6: 31 de
C7: Diciembre de | G7: diciembre de
C8: =B6-1 -> 2020 | G8: =C8 -> 2020
A9: ACTIVO | E9: PASIVO
A10: Activo Circulante | E10: Pasivo Circulante
A11: a. Efectivo y Equivalentes (a=a1+a2+a3+a4+a5+a6+a7) | B11: =SUM(B12:B18) -> 1656005 | C11: =SUM(C12:C18) -> 2601279 | E11: a. Cuentas por Pagar a Corto Plazo (a=a1+a2+a3+a4+a5+a6+a7+a8+a9) | F11: =SUM(F12:F20) -> 18676618 | G11: =SUM(G12:G20) -> 17356262
A12: a1) Efectivo | B12: 0 | C12: 0 | E12: a1) Servicios Personales por Pagar a Corto Plazo | F12: 4648815 | G12: 4358391
A13: a2) Bancos/Tesorería | B13: 0 | C13: 0 | E13: a2) Proveedores por Pagar a Corto Plazo | F13: 2093113 | G13: 1906276
A14: a3) Bancos/Dependencias y Otros | B14: 1656005 | C14: 2601279 | E14: a3) Contratistas por Obras Públicas por Pagar a Corto Plazo | F14: 0 | G14: 0
A15: a4) Inversiones Temporales (Hasta 3 meses) | B15: 0 | C15: 0 | E15: a4) Participaciones y Aportaciones por Pagar a Corto Plazo | F15: 0 | G15: 0
A16: a5) Fondos con Afectación Específica | B16: 0 | C16: 0 | E16: a5) Transferencias Otorgadas por Pagar a Corto Plazo | F16: 135833 | G16: 0
A17: a6) Depósitos de Fondos de Terceros en Garantía y/o Administración | B17: 0 | C17: 0 | E17: a6) Intereses, Comisiones y Otros Gastos de la Deuda Pública por Pagar a Corto Plazo | F17: 0 | G17: 0
A18: a7) Otros Efectivos y Equivalentes | B18: 0 | C18: 0 | E18: a7) Retenciones y Contribuciones por Pagar a Corto Plazo | F18: 11798857 | G18: 11091595
A19: b. Derechos a Recibir Efectivo o Equivalentes (b=b1+b2+b3+b4+b5+b6+b7) | B19: =SUM(B20:B26) -> 29199146 | C19: =SUM(C20:C26) -> 29986239 | E19: a8) Devoluciones de la Ley de Ingresos por Pagar a Corto Plazo | F19: 0 | G19: 0
A20: b1) Inversiones Financieras de Corto Plazo | B20: 0 | C20: 0 | E20: a9) Otras Cuentas por Pagar a Corto Plazo | F20: 0 | G20: 0
A21: b2) Cuentas por Cobrar a Corto Plazo | B21: 27799162 | C21: 27747255 | E21: b. Documentos por Pagar a Corto Plazo (b=b1+b2+b3) | F21: =SUM(F22:F24) -> 0 | G21: =SUM(G22:G24) -> 0
A22: b3) Deudores Diversos por Cobrar a Corto Plazo | B22: 1397171 | C22: 2236876 | E22: b1) Documentos Comerciales por Pagar a Corto Plazo | F22: 0 | G22: 0
A23: b4) Ingresos por Recuperar a Corto Plazo | B23: 2813 | C23: 2108 | E23: b2) Documentos con Contratistas por Obras Públicas por Pagar a Corto Plazo | F23: 0 | G23: 0
A24: b5) Deudores por Anticipos de la Tesorería a Corto Plazo | B24: 0 | C24: 0 | E24: b3) Otros Documentos por Pagar a Corto Plazo | F24: 0 | G24: 0
A25: b6) Préstamos Otorgados a Corto Plazo | B25: 0 | C25: 0 | E25: c. Porción a Corto Plazo de la Deuda Pública a Largo Plazo (c=c1+c2) | F25: =SUM(F26:F27) -> 0 | G25: =SUM(G26:G27) -> 0
A26: b7) Otros Derechos a Recibir Efectivo o Equivalentes a Corto Plazo | B26: 0 | C26: 0 | E26: c1) Porción a Corto Plazo de la Deuda Pública | F26: 0 | G26: 0
A27: c. Derechos a Recibir Bienes o Servicios (c=c1+c2+c3+c4+c5) | B27: =SUM(B28:B32) -> 0 | C27: =SUM(C28:C32) -> 0 | E27: c2) Porción a Corto Plazo de Arrendamiento Financiero | F27: 0 | G27: 0
A28: c1) Anticipo a Proveedores por Adquisición de Bienes y Prestación de Servicios a Corto Plazo | B28: 0 | C28: 0 | E28: d. Títulos y Valores a Corto Plazo | F28: 0 | G28: 0
A29: c2) Anticipo a Proveedores por Adquisición de Bienes Inmuebles y Muebles a Corto Plazo | B29: 0 | C29: 0 | E29: e. Pasivos Diferidos a Corto Plazo (e=e1+e2+e3) | F29: =SUM(F30:F32) -> 0 | G29: =SUM(G30:G32) -> 0
A30: c3) Anticipo a Proveedores por Adquisición de Bienes Intangibles a Corto Plazo | B30: 0 | C30: 0 | E30: e1) Ingresos Cobrados por Adelantado a Corto Plazo | F30: 0 | G30: 0
A31: c4) Anticipo a Contratistas por Obras Públicas a Corto Plazo | B31: 0 | C31: 0 | E31: e2) Intereses Cobrados por Adelantado a Corto Plazo | F31: 0 | G31: 0
A32: c5) Otros Derechos a Recibir Bienes o Servicios a Corto Plazo | B32: 0 | C32: 0 | E32: e3) Otros Pasivos Diferidos a Corto Plazo | F32: 0 | G32: 0
A33: d. Inventarios (d=d1+d2+d3+d4+d5) | B33: =SUM(B34:B38) -> 0 | C33: =SUM(C34:C38) -> 0 | E33: f. Fondos y Bienes de Terceros en Garantía y/o Administración a Corto Plazo (f=f1+f2+f3+f4+f5+f6) | F33: =SUM(F34:F39) -> 0 | G33: =SUM(G34:G39) -> 0
A34: d1) Inventario de Mercancías para Venta | B34: 0 | C34: 0 | E34: f1) Fondos en Garantía a Corto Plazo | F34: 0 | G34: 0
A35: d2) Inventario de Mercancías Terminadas | B35: 0 | C35: 0 | E35: f2) Fondos en Administración a Corto Plazo | F35: 0 | G35: 0
A36: d3) Inventario de Mercancías en Proceso de Elaboración | B36: 0 | C36: 0 | E36: f3) Fondos Contingentes a Corto Plazo | F36: 0 | G36: 0
A37: d4) Inventario de Materias Primas, Materiales y Suministros para Producción | B37: 0 | C37: 0 | E37: f4) Fondos de Fideicomisos, Mandatos y Contratos Análogos a Corto Plazo | F37: 0 | G37: 0
A38: d5) Bienes en Tránsito | B38: 0 | C38: 0 | E38: f5) Otros Fondos de Terceros en Garantía y/o Administración a Corto Plazo | F38: 0 | G38: 0
A39: e. Almacenes | B39: 0 | C39: 0 | E39: f6) Valores y Bienes en Garantía a Corto Plazo | F39: 0 | G39: 0
A40: f. Estimación por Pérdida o Deterioro de Activos Circulantes (f=f1+f2) | B40: =SUM(B41:B42) -> 0 | C40: =SUM(C41:C42) -> 0 | E40: g. Provisiones a Corto Plazo (g=g1+g2+g3) | F40: =SUM(F41:F43) -> 0 | G40: =SUM(G41:G43) -> 0
A41: f1) Estimaciones para Cuentas Incobrables por Derechos a Recibir Efectivo o Equivalentes | B41: 0 | C41: 0 | E41: g1) Provisión para Demandas y Juicios a Corto Plazo | F41: 0 | G41: 0
A42: f2) Estimación por Deterioro de Inventarios | B42: 0 | C42: 0 | E42: g2) Provisión para Contingencias a Corto Plazo | F42: 0 | G42: 0
A43: g. Otros Activos Circulantes (g=g1+g2+g3+g4) | B43: =SUM(B44:B47) -> 0 | C43: =SUM(C44:C47) -> 0 | E43: g3) Otras Provisiones a Corto Plazo | F43: 0 | G43: 0
A44: g1) Valores en Garantía | B44: 0 | C44: 0 | E44: h. Otros Pasivos a Corto Plazo (h=h1+h2+h3) | F44: =SUM(F45:F47) -> 0 | G44: =SUM(G45:G47) -> 0
A45: g2) Bienes en Garantía (excluye depósitos de fondos) | B45: 0 | C45: 0 | E45: h1) Ingresos por Clasificar | F45: 0 | G45: 0
A46: g3) Bienes Derivados de Embargos, Decomisos, Aseguramientos y Dación en Pago | B46: 0 | C46: 0 | E46: h2) Recaudación por Participar | F46: 0 | G46: 0
A47: g4) Adquisición con Fondos de Terceros | B47: 0 | C47: 0 | E47: h3) Otros Pasivos Circulantes | F47: 0 | G47: 0
A48: IA. Total de Activos Circulantes (IA = a + b + c + d + e + f + g) | B48: =B11+B19+B27+B33+B39+B40+B43 -> 30855151 | C48: =C11+C19+C27+C33+C39+C40+C43 -> 32587518 | E48: IIA. Total de Pasivos Circulantes (IIA = a + b + c + d + e + f + g + h) | F48: =F11+F21+F25+F28+F29+F33+F40+F44 -> 18676618 | G48: =G11+G21+G25+G28+G29+G33+G40+G44 -> 17356262
A49: Activo No Circulante | E49: Pasivo No Circulante
A50: a. Inversiones Financieras a Largo Plazo | B50: 0 | C50: 0 | E50: a. Cuentas por Pagar a Largo Plazo | F50: 0 | G50: 0
A51: b. Derechos a Recibir Efectivo o Equivalentes a Largo Plazo | B51: 0 | C51: 0 | E51: b. Documentos por Pagar a Largo Plazo | F51: 0 | G51: 0
A52: c. Bienes Inmuebles, Infraestructura y Construcciones en Proceso | B52: 23329742 | C52: 15283110 | E52: c. Deuda Pública a Largo Plazo | F52: 0 | G52: 0
A53: d. Bienes Muebles | B53: 11456138 | C53: 11394830 | E53: d. Pasivos Diferidos a Largo Plazo | F53: 0 | G53: 0
A54: e. Activos Intangibles | B54: 333662 | C54: 228816 | E54: e. Fondos y Bienes de Terceros en Garantía y/o en Administración a Largo Plazo | F54: 0 | G54: 0
A55: f. Depreciación, Deterioro y Amortización Acumulada de Bienes | B55: 0 | C55: 0 | E55: f. Provisiones a Largo Plazo | F55: 0 | G55: 0
A56: g. Activos Diferidos | B56: 0 | C56: 0
A57: h. Estimación por Pérdida o Deterioro de Activos no Circulantes | B57: 0 | C57: 0 | E57: IIB. Total de Pasivos No Circulantes (IIB = a + b + c + d + e + f) | F57: =SUM(F50:F55) -> 0 | G57: =SUM(G50:G55) -> 0
A58: i. Otros Activos no Circulantes | B58: 0 | C58: 0
E59: II. Total del Pasivo (II = IIA + IIB) | F59: =F57+F48 -> 18676618 | G59: =G57+G48 -> 17356262
A60: IB. Total de Activos No Circulantes (IB = a + b + c + d + e + f + g + h + i) | B60: =SUM(B50:B58) -> 35119542 | C60: =SUM(C50:C58) -> 26906756
E61: HACIENDA PÚBLICA/PATRIMONIO
A62: I. Total del Activo (I = IA + IB) | B62: =B48+B60 -> 65974693 | C62: =C48+C60 -> 59494274
E63: IIIA. Hacienda Pública/Patrimonio Contribuido (IIIA = a + b + c) | F63: =SUM(F64:F66) -> 4347 | G63: =SUM(G64:G66) -> 4347
E64: a. Aportaciones | F64: 0 | G64: 0
E65: b. Donaciones de Capital | F65: 4347 | G65: 4347
E66: c. Actualización de la Hacienda Pública/Patrimonio | F66: 0 | G66: 0
E68: IIIB. Hacienda Pública/Patrimonio Generado (IIIB = a + b + c + d + e) | F68: =SUM(F69:F73) -> 47293728 | G68: =SUM(G69:G73) -> 42133665
E69: a. Resultados del Ejercicio (Ahorro/ Desahorro) | F69: 166155 | G69: 198150
E70: b. Resultados de Ejercicios Anteriores | F70: 17044008 | G70: 19898582
E71: c. Revalúos | F71: 17139723 | G71: 9093091
E72: d. Reservas | F72: 0 | G72: 0
E73: e. Rectificaciones de Resultados de Ejercicios Anteriores | F73: 12943842 | G73: 12943842
E75: IIIC. Exceso o Insuficiencia en la Actualización de la Hacienda Pública/Patrimonio (IIIC=a+b) | F75: =SUM(F76:F77) -> 0 | G75: =SUM(G76:G77) -> 0
E76: a. Resultado por Posición Monetaria | F76: 0 | G76: 0
E77: b. Resultado por Tenencia de Activos no Monetarios | F77: 0 | G77: 0
E79: III. Total Hacienda Pública/Patrimonio (III = IIIA + IIIB + IIIC) | F79: =F63+F68+F75 -> 47298075 | G79: =G63+G68+G75 -> 42138012
I80: =IF(G81=C62,"","NO CUADRA año anterior")
E81: IV. Total del Pasivo y Hacienda Pública/Patrimonio (IV = II + III) | F81: =F79+F59 -> 65974693 | G81: =G79+G59 -> 59494274 | I81: =IF(F81=B62,"","NO CUADRA año actual")

Sheet 2 DEUDA
A1: ='1SIT FINANC'!A1:G1 -> CUENTA PÚBLICA 2021
A2: ='1SIT FINANC'!A2:G2 -> INSTITUTO TECNOLÓGICO SUPERIOR DE PEROTE
A3: Informe Analítico de la Deuda Pública y Otros Pasivos - LDF
A4: Del 1 de Enero al 31 de Diciembre de 2021
A5: (PESOS)
A6: Denominación de la Deuda Pública y | C6: Saldo | D6: Disposiciones | E6: Amortizaciones | F6: Revaluaciones, | G6: Saldo Final | H6: Pago de | I6: Pago de
A7: Otros Pasivos (c) | C7: al 31 de | D7: del Periodo (e) | E7: del Periodo (f) | F7: Reclasificaciones | G7: del Periodo | H7: Intereses del | I7: Comisiones y
C8: diciembre de | F8: y Otros Ajustes (g) | G8: (h) | H8: Periodo (i) | I8: demás costos
C9: 20XN-1 (d) | G9: h=d+e-f+g | I9: asociados durante
I10: el Periodo (j)
A12: 1. Deuda Pública (1=A+B)
A13: A. Corto Plazo (A=a1+a2+a3) | C13: 0 | D13: 0 | E13: 0 | F13: 0 | G13: 0 | H13: 0 | I13: 0
A14: a1) Instituciones de Crédito | C14: 0 | D14: 0 | E14: 0 | F14: 0 | G14: 0 | H14: 0 | I14: 0
A15: a2) Títulos y Valores | C15: 0 | D15: 0 | E15: 0 | F15: 0 | G15: 0 | H15: 0 | I15: 0
A16: a3) Arrendamientos Financieros | C16: 0 | D16: 0 | E16: 0 | F16: 0 | G16: 0 | H16: 0 | I16: 0
A17: B. Largo Plazo (B=b1+b2+b3) | C17: 0 | D17: 0 | E17: 0 | F17: 0 | G17: 0 | H17: 0 | I17: 0
A18: b1) Instituciones de Crédito | C18: 0 | D18: 0 | E18: 0 | F18: 0 | G18: 0 | H18: 0 | I18: 0
A19: b2) Títulos y Valores | C19: 0 | D19: 0 | E19: 0 | F19: 0 | G19: 0 | H19: 0 | I19: 0
A20: b3) Arrendamientos Financieros | C20: 0 | D20: 0 | E20: 0 | F20: 0 | G20: 0 | H20: 0 | I20: 0
A21: 2. Otros Pasivos | C21: ='1SIT FINANC'!G59 -> 17356262 | D21: 77887627 | E21: 76567271 | F21: 0 | G21: =C21+D21-E21+F21 -> 18676618 | H21: 0 | I21: 0
A23: 3. Total de la Deuda Pública y OtrosPasivos (3=1+2) | C23: =C21 -> 17356262 | D23: =D21 -> 77887627 | E23: =E21 -> 76567271 | F23: =F21 -> 0 | G23: =G21 -> 18676618 | H23: =H21 -> 0 | I23: =I21 -> 0 | K23: =IF(G23='1SIT FINANC'!F59,"","NO COINCIDE VS PASIVO SIT FINANC")
A25: 4. Deuda Contingente 1 (informativo) | C25: 0 | D25: 0 | E25: 0 | F25: 0 | G25: 0 | H25: 0 | I25: 0
A26: A. Deuda Contingente 1 | C26: 0 | D26: 0 | E26: 0 | F26: 0 | G26: 0 | H26: 0 | I26: 0
A27: B. Deuda Contingente 2 | C27: 0 | D27: 0 | E27: 0 | F27: 0 | G27: 0 | H27: 0 | I27: 0
A28: C. Deuda Contingente XX | C28: 0 | D28: 0 | E28: 0 | F28: 0 | G28: 0 | H28: 0 | I28: 0
A30: 5. Valor de Instrumentos Bono Cupón Cero2 (Informativo) | C30: 0 | D30: 0 | E30: 0 | F30: 0 | G30: 0 | H30: 0 | I30: 0
A31: A. Instrumento Bono Cupón Cero 1 | C31: 0 | D31: 0 | E31: 0 | F31: 0 | G31: 0 | H31: 0 | I31: 0
A32: B. Instrumento Bono Cupón Cero 2 | C32: 0 | D32: 0 | E32: 0 | F32: 0 | G32: 0 | H32: 0 | I32: 0
A33: C. Instrumento Bono Cupón Cero XX | C33: 0 | D33: 0 | E33: 0 | F33: 0 | G33: 0 | H33: 0 | I33: 0
A36: Obligaciones a Corto Plazo (k) | C36: Monto | D36: Plazo | E36: Tasa de Interés | F36: Comisiones y | G36: Tasa Efectiva
C37: Contratado (l) | D37: Pactado | E37: (n) | F37: Costos | G37: (p)
D38: (m) | F38: Relacionados (o)
A39: 6. Obligaciones a Corto Plazo
A40: (Informativo) | C40: =SUM(C41:C43) -> 0 | D40: =SUM(D41:D43) -> 0 | E40: =SUM(E41:E43) -> 0 | F40: =SUM(F41:F43) -> 0 | G40: =SUM(G41:G43) -> 0
A41: A. Crédito 1 | C41: =SUM(C42:C44) -> 0 | D41: =SUM(D42:D44) -> 0 | E41: =SUM(E42:E44) -> 0 | F41: =SUM(F42:F44) -> 0 | G41: =SUM(G42:G44) -> 0
A42: B. Crédito 2 | C42: =SUM(C43:C45) -> 0 | D42: =SUM(D43:D45) -> 0 | E42: =SUM(E43:E45) -> 0 | F42: =SUM(F43:F45) -> 0 | G42: =SUM(G43:G45) -> 0
A43: C. Crédito XX | C43: =SUM(C44:C46) -> 0 | D43: =SUM(D44:D46) -> 0 | E43: =SUM(E44:E46) -> 0 | F43: =SUM(F44:F46) -> 0 | G43: =SUM(G44:G46) -> 0

Sheet 3 OBLIG.
A1: ='2 DEUDA'!A1:I1 -> CUENTA PÚBLICA 2021
A2: ='2 DEUDA'!A2:I2 -> INSTITUTO TECNOLÓGICO SUPERIOR DE PEROTE
A3: Informe Analítico de Obligaciones Diferentes de Financiamientos LDF
A4: ='2 DEUDA'!A4:I4 -> Del 1 de Enero al 31 de Diciembre de 2021
A5: (PESOS)
A6: Denominación de las Obligaciones | B6: Fecha del | C6: Fecha de | D6: Fecha de | E6: Monto de la | F6: Plazo | G6: Monto promedio | H6: Monto promedio | I6: Monto pagado de la | J6: Monto pagado | K6: Saldo pendiente
A7: Diferentes de Financiamiento (c) | B7: Contrato (d) | C7: inicio de | D7: vencimiento | E7: inversión | F7: pactado (h) | G7: mensual del pago | H7: mensual del pago | I7: inversión al XX de | J7: de la inversión | K7: por pagar de la
C8: operación del | D8: (f) | E8: pactado (g) | G8: de la | H8: de la | I8: XXXX de 20XN (k) | J8: actualizado al | K8: inversión al XX
C9: proyecto (e) | G9: contraprestación | H9: contraprestación | J9: XX de XXXX de | K9: de XXXX de
G10: (i) | H10: correspondiente al | J10: 20XN (l) | K10: 20XN (m = g l)
H11: pago de inversión
H12: (j)
A14: A. Asociaciones Público Privadas | E14: =SUM(E16:E19) -> 0 | G14: =SUM(G16:G19) -> 0 | H14: =SUM(H16:H19) -> 0 | I14: =SUM(I16:I19) -> 0 | J14: =SUM(J16:J19) -> 0 | K14: =SUM(K16:K19) -> 0
A15: (APP's) (A=a+b+c+d)
A16: a) APP 1 | E16: 0 | G16: 0 | H16: 0 | I16: 0 | J16: 0 | K16: 0
A17: b) APP 2 | E17: 0 | G17: 0 | H17: 0 | I17: 0 | J17: 0 | K17: 0
A18: c) APP 3 | E18: 0 | G18: 0 | H18: 0 | I18: 0 | J18: 0 | K18: 0
A19: d) APP XX | E19: 0 | G19: 0 | H19: 0 | I19: 0 | J19: 0 | K19: 0
A21: B. Otros Instrumentos (B=a+b+c+d) | E21: =SUM(E22:E25) -> 0 | G21: =SUM(G22:G25) -> 0 | H21: =SUM(H22:H25) -> 0 | I21: =SUM(I22:I25) -> 0 | J21: =SUM(J22:J25) -> 0 | K21: =SUM(K22:K25) -> 0
A22: a) Otro Instrumento 1 | E22: 0 | G22: 0 | H22: 0 | I22: 0 | J22: 0 | K22: 0
A23: b) Otro Instrumento 2 | E23: 0 | G23: 0 | H23: 0 | I23: 0 | J23: 0 | K23: 0
A24: c) Otro Instrumento 3 | E24: 0 | G24: 0 | H24: 0 | I24: 0 | J24: 0 | K24: 0
A25: d) Otro Instrumento XX | E25: 0 | G25: 0 | H25: 0 | I25: 0 | J25: 0 | K25: 0
A27: C. Total de Obligaciones Diferentes de | E27: =E21+E14 -> 0 | G27: =G21+G14 -> 0 | H27: =H21+H14 -> 0 | I27: =I21+I14 -> 0 | J27: =J21+J14 -> 0 | K27: =K21+K14 -> 0
A28: Financiamiento (C=A+B)

Sheet 4 BALANCE
A1: ='3 OBLIG.'!A1:K1 -> CUENTA PÚBLICA 2021
A2: ='3 OBLIG.'!A2:K2 -> INSTITUTO TECNOLÓGICO SUPERIOR DE PEROTE
A3: Balance Presupuestario - LDF
A4: ='3 OBLIG.'!A4:K4 -> Del 1 de Enero al 31 de Diciembre de 2021
A5: (PESOS)
A7: Concepto (c) | B7: Estimado/ | C7: Devengado | D7: Recaudado/
B8: Aprobado (d) | D8: Pagado
A10: A. Ingresos Totales (A = A1+A2+A3) | B10: =SUM(B11:B13) -> 26505518 | C10: =SUM(C11:C13) -> 58428007 | D10: =SUM(D11:D13) -> 58177444
A11: A1. Ingresos de Libre Disposición | B11: ='5 INGRESOS'!$B$74 -> 26505518 | C11: ='5 INGRESOS'!$E$74 -> 58428007 | D11: ='5 INGRESOS'!$F$74 -> 58177444
A12: A2. Transferencias Federales Etiquetadas | B12: 0 | C12: 0 | D12: 0
A13: A3. Financiamiento Neto | B13: 0 | C13: 0 | D13: 0
A15: B. Egresos Presupuestarios1 (B = B1+B2) | B15: =SUM(B16:B17) -> 26505518 | C15: =SUM(C16:C17) -> 54613092 | D15: =SUM(D16:D17) -> 52196848
A16: B1. Gasto No Etiquetado (sin incluir Amortización de la Deuda Pública) | B16: ='6b ADMVA'!B14 -> 26505518 | C16: ='6b ADMVA'!E14-C20 -> 54613092 | D16: ='6b ADMVA'!F14-D20 -> 52196848
A17: B2. Gasto Etiquetado (sin incluir Amortización de la Deuda Pública) | B17: 0 | C17: 0 | D17: 0
A19: C. Remanentes del Ejercicio Anterior ( C = C1 + C2 ) | B19: =SUM(B20:B22) -> 0 | C19: =SUM(C20:C22) -> 3814916 | D19: =SUM(D20:D22) -> 3814916
A20: C1. Remanentes de Ingresos de Libre Disposición aplicados en el periodo | B20: 0 | C20: 3814916 | D20: =C20 -> 3814916
A21: C2. Remanentes de Transferencias Federales Etiquetadas aplicados en el | B21: 0 | C21: 0 | D21: 0
A22: periodo
A24: I. Balance Presupuestario (I = A - B + C) | B24: =B10-B15+B19 -> 0 | C24: =C10-C15+C19 -> 7629831 | D24: =D10-D15+D19 -> 9795512
A25: II. Balance Presupuestario sin Financiamiento Neto (II = I - A3) | B25: =B24-B13 -> 0 | C25: =C24-C13 -> 7629831 | D25: =D24-D13 -> 9795512
A27: III. Balance Presupuestario sin Financiamiento Neto y sin Remanentes del Ejercicio | B27: =B25-B19 -> 0 | C27: =C25-C19 -> 3814915 | D27: =D25-D19 -> 5980596
A28: Anterior (III= II - C)
A31: Concepto | B31: Aprobado | C31: Devengado | D31: Pagado
A33: E. Intereses, Comisiones y Gastos de la Deuda (E = E1+E2) | B33: =SUM(B34:B35) -> 0 | C33: =SUM(C34:C35) -> 0 | D33: =SUM(D34:D35) -> 0
A34: E1. Intereses, Comisiones y Gastos de la Deuda con Gasto No Etiquetado | B34: 0 | C34: 0 | D34: 0
A35: E2. Intereses, Comisiones y Gastos de la Deuda con Gasto Etiquetado | B35: 0 | C35: 0 | D35: 0
A37: IV. Balance Primario (IV = III + E) | B37: =B27+B33 -> 0 | C37: =C27+C33 -> 3814915 | D37: =D27+D33 -> 5980596
A40: Concepto | B40: Estimado/ | C40: Devengado | D40: Recaudado/
B41: Aprobado | D41: Pagado
A43: F. Financiamiento (F = F1 + F2) | B43: =SUM(B44:B45) -> 0 | C43: =SUM(C44:C45) -> 0 | D43: =SUM(D44:D45) -> 0
A44: F1. Financiamiento con Fuente de Pago de Ingresos de Libre Disposición | B44: 0 | C44: 0 | D44: 0
A45: F2. Financiamiento con Fuente de Pago de Transferencias Federales | B45: 0 | C45: 0 | D45: 0
A46: Etiquetadas
A47: G. Amortización de la Deuda (G = G1 + G2) | B47: =SUM(B48:B49) -> 0 | C47: =SUM(C48:C49) -> 0 | D47: =SUM(D48:D49) -> 0
A48: G1. Amortización de la Deuda Pública con Gasto No Etiquetado | B48: 0 | C48: 0 | D48: 0
A49: G2. Amortización de la Deuda Pública con Gasto Etiquetado | B49: 0 | C49: 0 | D49: 0
A51: A3. Financiamiento Neto (A3 = F - G ) | B51: =B43-B47 -> 0 | C51: =C43-C47 -> 0 | D51: =D43-D47 -> 0
A54: Concepto | B54: Estimado/ | C54: Devengado | D54: Recaudado/
B55: Aprobado | D55: Pagado
A57: A1. Ingresos de Libre Disposición | B57: =B11 -> 26505518 | C57: =C11 -> 58428007 | D57: =D11 -> 58177444
A58: A3.1 Financiamiento Neto con Fuente de Pago de Ingresos de Libre Disposición (A3.1 = F1 - G1) | B58: =B59-B60 -> 0 | C58: =C59-C60 -> 0 | D58: =D59-D60 -> 0
A59: F1. Financiamiento con Fuente de Pago de Ingresos de Libre Disposición | B59: 0 | C59: 0 | D59: 0
A60: G1. Amortización de la Deuda Pública con Gasto No Etiquetado | B60: 0 | C60: 0 | D60: 0
A62: B1. Gasto No Etiquetado (sin incluir Amortización de la Deuda Pública) | B62: =B16 -> 26505518 | C62: =C16 -> 54613092 | D62: =D16 -> 52196848
A64: C1. Remanentes de Ingresos de Libre Disposición aplicados en el periodo | B64: 0 | C64: =C20 -> 3814916 | D64: =D20 -> 3814916
A66: V. Balance Presupuestario de Recursos Disponibles (V = A1 + A3.1 - B 1 + C1) | B66: =B57+B58-B62+B64 -> 0 | C66: =C57+C58-C62+C64 -> 7629831 | D66: =D57+D58-D62+D64 -> 9795512
A67: VI. Balance Presupuestario de Recursos Disponibles sin Financiamiento Neto (VI = V - | B67: =B66-B58 -> 0 | C67: =C66-C58 -> 7629831 | D67: =D66-D58 -> 9795512
A68: A3.1)
A71: Concepto | B71: Estimado/ | C71: Devengado | D71: Recaudado/
B72: Aprobado | D72: Pagado
A74: A2. Transferencias Federales Etiquetadas | B74: 0 | C74: 0 | D74: 0
A76: A3.2 Financiamiento Neto con Fuente de Pago de Transferencias Federales Etiquetadas | B76: =B78-B80 -> 0 | C76: =C78-C80 -> 0 | D76: =D78-D80 -> 0
A77: (A3.2 = F2 - G2)
A78: F2. Financiamiento con Fuente de Pago de Transferencias Federales
A79: Etiquetadas | B79: 0 | C79: 0 | D79: 0
A80: G2. Amortización de la Deuda Pública con Gasto Etiquetado | B80: 0 | C80: 0 | D80: 0
A82: B2. Gasto Etiquetado (sin incluir Amortización de la Deuda Pública) | B82: 0 | C82: 0 | D82: 0
A84: C2. Remanentes de Transferencias Federales Etiquetadas aplicados en el periodo | B84: 0 | C84: 0 | D84: 0
A86: VII. Balance Presupuestario de Recursos Etiquetados (VII = A2 + A3.2 - B2 + C2) | B86: =B74+B76-B82+B84 -> 0 | C86: =C74+C76-C82+C84 -> 0 | D86: =D74+D76-D82+D84 -> 0
A87: VIII. Balance Presupuestario de Recursos Etiquetados sin Financiamiento Neto (VIII=
A88: VII-A3.2). | B88: =B86-B76 -> 0 | C88: =C86-C76 -> 0 | D88: =D86-D76 -> 0

Sheet 5 INGRESOS
A1: ='4 BALANCE'!A1:D1 -> CUENTA PÚBLICA 2021
A2: ='4 BALANCE'!A2:D2 -> INSTITUTO TECNOLÓGICO SUPERIOR DE PEROTE
A3: Estado Analítico de Ingresos Detallado - LDF
A4: ='4 BALANCE'!A4:D4 -> Del 1 de Enero al 31 de Diciembre de 2021
A5: (PESOS)
B6: Ingreso | G6: Diferencia (e)
A7: Concepto | B7: Estimado (d) | C7: Ampliaciones/ | D7: Modificado | E7: Devengado | F7: Recaudado
A8: (c) | C8: (Reducciones)
A10: Ingresos de Libre Disposición
A11: A. Impuestos | B11: 0 | C11: 0 | D11: =C11+B11 -> 0 | E11: 0 | F11: 0 | G11: =F11-B11 -> 0
A12: B. Cuotas y Aportaciones de Seguridad Social | B12: 0 | C12: 0 | D12: =C12+B12 -> 0 | E12: 0 | F12: 0 | G12: =F12-B12 -> 0
A13: C. Contribuciones de Mejoras | B13: 0 | C13: 0 | D13: =C13+B13 -> 0 | E13: 0 | F13: 0 | G13: =F13-B13 -> 0
A14: D. Derechos | B14: 0 | C14: 0 | D14: =C14+B14 -> 0 | E14: 0 | F14: 0 | G14: =F14-B14 -> 0
A15: E. Productos | B15: 0 | C15: 0 | D15: =C15+B15 -> 0 | E15: 0 | F15: 0 | G15: =F15-B15 -> 0
A16: F. Aprovechamientos | B16: 0 | C16: 0 | D16: =C16+B16 -> 0 | E16: 0 | F16: 0 | G16: =F16-B16 -> 0
A17: G. Ingresos por Ventas de Bienes y Prestación de Servicios | B17: 5054293 | C17: 4157859 | D17: 9212152 | E17: 9014718 | F17: 9014718 | G17: =F17-B17 -> 3960425
A18: H. Participaciones | B18: =SUM(B20:B30) -> 0 | C18: =SUM(C20:C30) -> 0 | D18: =SUM(D20:D30) -> 0 | E18: =SUM(E20:E30) -> 0 | F18: =SUM(F20:F30) -> 0 | G18: =SUM(G20:G30) -> 0
A19: (H=h1+h2+h3+h4+h5+h6+h7+h8+h9+h10+h11)
A20: h1) Fondo General de Participaciones | B20: 0 | C20: 0 | D20: =B20+C20 -> 0 | E20: 0 | F20: 0 | G20: 0
A21: h2) Fondo de Fomento Municipal | B21: 0 | C21: 0 | D21: =B21+C21 -> 0 | E21: 0 | F21: 0 | G21: 0
A22: h3) Fondo de Fiscalización y Recaudación | B22: 0 | C22: 0 | D22: =B22+C22 -> 0 | E22: 0 | F22: 0 | G22: 0
A23: h4) Fondo de Compensación | B23: 0 | C23: 0 | D23: =B23+C23 -> 0 | E23: 0 | F23: 0 | G23: 0
A24: h5) Fondo de Extracción de Hidrocarburos | B24: 0 | C24: 0 | D24: =B24+C24 -> 0 | E24: 0 | F24: 0 | G24: 0
A25: h6) Impuesto Especial Sobre Producción y Servicios | B25: 0 | C25: 0 | D25: =B25+C25 -> 0 | E25: 0 | F25: 0 | G25: 0
A26: h7) 0.136% de la Recaudación Federal Participable | B26: 0 | C26: 0 | D26: =B26+C26 -> 0 | E26: 0 | F26: 0 | G26: 0
A27: h8) 3.17% Sobre Extracción de Petróleo | B27: 0 | C27: 0 | D27: =B27+C27 -> 0 | E27: 0 | F27: 0 | G27: 0
A28: h9) Gasolinas y Diésel | B28: 0 | C28: 0 | D28: =B28+C28 -> 0 | E28: 0 | F28: 0 | G28: 0
A29: h10) Fondo del Impuesto Sobre la Renta | B29: 0 | C29: 0 | D29: =B29+C29 -> 0 | E29: 0 | F29: 0 | G29: 0
A30: h11) Fondo de Estabilización de los Ingresos de las Entidades Federativas | B30: 0 | C30: 0 | D30: =B30+C30 -> 0 | E30: 0 | F30: 0 | G30: 0
A31: I. Incentivos Derivados de la Colaboración Fiscal (I=i1+i2+i3+i4+i5) | B31: =SUM(B32:B36) -> 0 | C31: =SUM(C32:C36) -> 0 | D31: =SUM(D32:D36) -> 0 | E31: =SUM(E32:E36) -> 0 | F31: =SUM(F32:F36) -> 0 | G31: =SUM(G32:G36) -> 0
A32: i1) Tenencia o Uso de Vehículos | B32: 0 | C32: 0 | D32: =B32+C32 -> 0 | E32: 0 | F32: 0 | G32: =F32-B32 -> 0
A33: i2) Fondo de Compensación ISAN | B33: 0 | C33: 0 | D33: =B33+C33 -> 0 | E33: 0 | F33: 0 | G33: =F33-B33 -> 0
A34: i3) Impuesto Sobre Automóviles Nuevos | B34: 0 | C34: 0 | D34: =B34+C34 -> 0 | E34: 0 | F34: 0 | G34: =F34-B34 -> 0
A35: i4) Fondo de Compensación de Repecos- Intermedios | B35: 0 | C35: 0 | D35: =B35+C35 -> 0 | E35: 0 | F35: 0 | G35: =F35-B35 -> 0
A36: i5) Otros Incentivos Económicos | B36: 0 | C36: 0 | D36: =B36+C36 -> 0 | E36: 0 | F36: 0 | G36: =F36-B36 -> 0
A37: J. Transferencias y Asignaciones | B37: 21451225 | C37: 27962065 | D37: 49413290 | E37: 49413289 | F37: 49162726 | G37: =F37-B37 -> 27711501
A38: K. Convenios | B38: =B39 -> 0 | C38: =C39 -> 0 | D38: =D39 -> 0 | E38: =E39 -> 0 | F38: =F39 -> 0 | G38: =G39 -> 0
A39: k1) Otros Convenios y Subsidios | B39: 0 | C39: 0 | D39: =B39+C39 -> 0 | E39: 0 | F39: 0 | G39: =F39-B39 -> 0
A40: L. Otros Ingresos de Libre Disposición (L=l1+l2) | B40: =SUM(B41:B42) -> 0 | C40: =SUM(C41:C42) -> 0 | D40: =SUM(D41:D42) -> 0 | E40: =SUM(E41:E42) -> 0 | F40: =SUM(F41:F42) -> 0 | G40: =SUM(G41:G42) -> 0
A41: l1) Participaciones en Ingresos Locales | B41: 0 | C41: 0 | D41: =C41+B41 -> 0 | E41: 0 | F41: 0 | G41: =F41-B41 -> 0
A42: l2) Otros Ingresos de Libre Disposición | B42: 0 | C42: 0 | D42: =C42+B42 -> 0 | E42: 0 | F42: 0 | G42: =F42-B42 -> 0
A44: I. Total de Ingresos de Libre Disposición (I=A+B+C+D+E+F+G+H+I+J+K+L) | B44: =B40+B38+B37+B11+B12+B13+B14+B15+B16+B17+B18 -> 26505518 | C44: =C40+C38+C37+C11+C12+C13+C14+C15+C16+C17+C18 -> 32119924 | D44: =D40+D38+D37+D11+D12+D13+D14+D15+D16+D17+D18 -> 58625442 | E44: =E40+E38+E37+E11+E12+E13+E14+E15+E16+E17+E18 -> 58428007 | F44: =F40+F38+F37+F11+F12+F13+F14+F15+F16+F17+F18 -> 58177444 | G44: =G40+G38+G37+G11+G12+G13+G14+G15+G16+G17+G18 -> 31671926
A46: Ingresos Excedentes de Ingresos de Libre Disposición | G46: =G44 -> 31671926
A48: Transferencias Federales Etiquetadas
A49: A. Aportaciones (A=a1+a2+a3+a4+a5+a6+a7+a8) | B49: =SUM(B50:B57) -> 0 | C49: =SUM(C50:C57) -> 0 | D49: =SUM(D50:D57) -> 0 | E49: =SUM(E50:E57) -> 0 | F49: =SUM(F50:F57) -> 0 | G49: =SUM(G50:G57) -> 0
A50: a1) Fondo de Aportaciones para la Nómina Educativa y Gasto Operativo | B50: 0 | C50: 0 | D50: =C50+B50 -> 0 | E50: 0 | F50: 0 | G50: =F50-B50 -> 0
A51: a2) Fondo de Aportaciones para los Servicios de Salud | B51: 0 | C51: 0 | D51: =C51+B51 -> 0 | E51: 0 | F51: 0 | G51: =F51-B51 -> 0
A52: a3) Fondo de Aportaciones para la Infraestructura Social | B52: 0 | C52: 0 | D52: =C52+B52 -> 0 | E52: 0 | F52: 0 | G52: =D52-B52 -> 0
A53: a4) Fondo de Aportaciones para el Fortalecimiento de los Municipios y de las Demarcaciones Territoriales del Distrito Federal | B53: 0 | C53: 0 | D53: =C53+B53 -> 0 | E53: 0 | F53: 0 | G53: =F53-B53 -> 0
A54: a5) Fondo de Aportaciones Múltiples | B54: 0 | C54: 0 | D54: =C54+B54 -> 0 | E54: 0 | F54: 0 | G54: =F54-B54 -> 0
A55: a6) Fondo de Aportaciones para la Educación Tecnológica y de Adultos | B55: 0 | C55: 0 | D55: =C55+B55 -> 0 | E55: 0 | F55: 0 | G55: =F55-B55 -> 0
A56: a7) Fondo de Aportaciones para la Seguridad Pública de los Estados y del Distrito Federal | B56: 0 | C56: 0 | D56: =C56+B56 -> 0 | E56: 0 | F56: 0 | G56: =F56-B56 -> 0
A57: a8) Fondo de Aportaciones para el Fortalecimiento de las Entidades Federativas | B57: 0 | C57: 0 | D57: =C57+B57 -> 0 | E57: 0 | F57: 0 | G57: =F57-B57 -> 0
A58: B. Convenios (B=b1+b2+b3+b4) | B58: =SUM(B59:B62) -> 0 | C58: =SUM(C59:C62) -> 0 | D58: =SUM(D59:D62) -> 0 | E58: =SUM(E59:E62) -> 0 | F58: =SUM(F59:F62) -> 0 | G58: =SUM(G59:G62) -> 0
A59: b1) Convenios de Protección Social en Salud | B59: 0 | C59: 0 | D59: =C59+B59 -> 0 | E59: 0 | F59: 0 | G59: =F59-B59 -> 0
A60: b2) Convenios de Descentralización | B60: 0 | C60: 0 | D60: =C60+B60 -> 0 | E60: 0 | F60: 0 | G60: =F60-B60 -> 0
A61: b3) Convenios de Reasignación | B61: 0 | C61: 0 | D61: =C61+B61 -> 0 | E61: 0 | F61: 0 | G61: =F61-B61 -> 0
A62: b4) Otros Convenios y Subsidios | B62: 0 | C62: 0 | D62: =C62+B62 -> 0 | E62: 0 | F62: 0 | G62: =F62-B62 -> 0
A63: C. Fondos Distintos de Aportaciones (C=c1+c2) | B63: =SUM(B64:B65) -> 0 | C63: =SUM(C64:C65) -> 0 | D63: =SUM(D64:D65) -> 0 | E63: =SUM(E64:E65) -> 0 | F63: =SUM(F64:F65) -> 0 | G63: =SUM(G64:G65) -> 0
A64: c1) Fondo para Entidades Federativas y Municipios Productores de Hidrocarburos | B64: 0 | C64: 0 | D64: =C64+B64 -> 0 | E64: 0 | F64: 0 | G64: =F64-B64 -> 0
A65: c2) Fondo Minero | B65: 0 | C65: 0 | D65: =C65+B65 -> 0 | E65: 0 | F65: 0 | G65: =F65-B65 -> 0
A66: D. Transferencias, Asignaciones, Subsidios y Subvenciones, y Pensiones y Jubilaciones | B66: 0 | C66: 0 | D66: =B66+C66 -> 0 | E66: 0 | F66: 0 | G66: =F66-B66 -> 0
A67: E. Otras Transferencias Federales Etiquetadas | B67: 0 | C67: 0 | D67: =C67+B67 -> 0 | E67: 0 | F67: 0 | G67: =F67-B67 -> 0
A69: II. Total de Transferencias Federales Etiquetadas (II = A + B + C + D + E) | B69: =B49+B58+B63+B66+B67 -> 0 | C69: =C49+C58+C63+C66+C67 -> 0 | D69: =D49+D58+D63+D66+D67 -> 0 | E69: =E49+E58+E63+E66+E67 -> 0 | F69: =F49+F58+F63+F66+F67 -> 0 | G69: =G49+G58+G63+G66+G67 -> 0
A71: III. Ingresos Derivados de Financiamientos (III = A) | B71: =B72 -> 0 | C71: =C72 -> 0 | D71: =D72 -> 0 | E71: =E72 -> 0 | F71: =F72 -> 0 | G71: =G72 -> 0
A72: A. Ingresos Derivados de Financiamientos | B72: 0 | C72: 0 | D72: =C72+B72 -> 0 | E72: 0 | F72: 0 | G72: =F72-B72 -> 0
A74: IV. Total de Ingresos (IV = I + II + III) | B74: =B44+B69+B71 -> 26505518 | C74: =C44+C69+C71 -> 32119924 | D74: =D44+D69+D71 -> 58625442 | E74: =E44+E69+E71 -> 58428007 | F74: =F44+F69+F71 -> 58177444 | G74: =G44+G69+G71 -> 31671926
A76: Datos Informativos
A77: 1. Ingresos Derivados de Financiamientos con Fuente de Pago de Ingresos de Libre Disposición | B77: 0 | C77: 0 | D77: =C77+B77 -> 0 | E77: 0 | F77: 0 | G77: =F77-B77 -> 0
A78: 2. Ingresos Derivados de Financiamientos con Fuente de Pago de Transferencias Federales Etiquetadas | B78: 0 | C78: 0 | D78: =C78+B78 -> 0 | E78: 0 | F78: 0 | G78: =F78+B78 -> 0
A79: 3. Ingresos Derivados de Financiamientos (3 = 1 + 2) | B79: =SUM(B77:B78) -> 0 | C79: =SUM(C77:C78) -> 0 | D79: =SUM(D77:D78) -> 0 | E79: =SUM(E77:E78) -> 0 | F79: =SUM(F77:F78) -> 0 | G79: =SUM(G77:G78) -> 0

Sheet 6a COG
A1: ='5 INGRESOS'!A1:G1 -> CUENTA PÚBLICA 2021
A2: ='5 INGRESOS'!A2:G2 -> INSTITUTO TECNOLÓGICO SUPERIOR DE PEROTE
A3: Estado Analítico del Ejercicio del Presupuesto de Egresos Detallado - LDF
A4: Clasificación por Objeto del Gasto (Capítulo y Concepto)
A5: ='5 INGRESOS'!A4:G4 -> Del 1 de Enero al 31 de Diciembre de 2021
A6: (PESOS)
A7: Concepto (c) | C7: Egresos | H7: Subejercicio
C8: Aprobado | D8: Ampliaciones/ | E8: Modificado | F8: Devengado | G8: Pagado | H8: (e)
C9: (d) | D9: (Reducciones)
A10: I. Gasto No Etiquetado (I=A+B+C+D+E+F+G+H+I) | C10: =C11+C19+C29+C39+C49+C59+C63+C72+C76 -> 26505518 | D10: =D11+D19+D29+D39+D49+D59+D63+D72+D76 -> 32119924 | E10: =E11+E19+E29+E39+E49+E59+E63+E72+E76 -> 58625442 | F10: =F11+F19+F29+F39+F49+F59+F63+F72+F76 -> 58428008 | G10: =G11+G19+G29+G39+G49+G59+G63+G72+G76 -> 56011764 | H10: =H11+H19+H29+H39+H49+H59+H63+H72+H76 -> 197434
A11: A. Servicios Personales (A=a1+a2+a3+a4+a5+a6+a7) | C11: =SUM(C12:C18) -> 14429871 | D11: =SUM(D12:D18) -> 31031940 | E11: =SUM(E12:E18) -> 45461811 | F11: =SUM(F12:F18) -> 45461811 | G11: =SUM(G12:G18) -> 44656421 | H11: =SUM(H12:H18) -> 0
B12: a1) Remuneraciones al Personal de Carácter Permanente | C12: 12061907 | D12: 14883840 | E12: 26945747 | F12: 26945747 | G12: 26945747 | H12: =E12-F12 -> 0
B13: a2) Remuneraciones al Personal de Carácter Transitorio | C13: 0 | D13: 0 | E13: 0 | F13: 0 | G13: 0 | H13: =E13-F13 -> 0
B14: a3) Remuneraciones Adicionales y Especiales | C14: 734793 | D14: 3835878 | E14: 4570671 | F14: 4570671 | G14: 4570671 | H14: =E14-F14 -> 0
B15: a4) Seguridad Social | C15: 1013303 | D15: 5324036 | E15: 6337339 | F15: 6337339 | G15: 5531949 | H15: =E15-F15 -> 0
B16: a5) Otras Prestaciones Sociales y Económicas | C16: 415870 | D16: 2972926 | E16: 3388796 | F16: 3388796 | G16: 3388796 | H16: =E16-F16 -> 0
B17: a6) Previsiones | C17: 0 | D17: 0 | E17: 0 | F17: 0 | G17: 0 | H17: =E17-F17 -> 0
B18: a7) Pago de Estímulos a Servidores Públicos | C18: 203998 | D18: 4015260 | E18: 4219258 | F18: 4219258 | G18: 4219258 | H18: =E18-F18 -> 0
A19: B. Materiales y Suministros (B=b1+b2+b3+b4+b5+b6+b7+b8+b9) | C19: =SUM(C20:C28) -> 6902658 | D19: -2315489 | E19: 4587169 | F19: 4587169 | G19: 4587169 | H19: =SUM(H20:H28) -> 0
B20: b1) Materiales de Administración, Emisión de Documentos y Artículos Oficiales | C20: 4459589 | D20: -3415664 | E20: 1043925 | F20: 1043925 | G20: 1043925 | H20: =E20-F20 -> 0
B21: b2) Alimentos y Utensilios | C21: 56585 | D21: -49187 | E21: 7398 | F21: 7398 | G21: 7398 | H21: =E21-F21 -> 0
B22: b3) Materias Primas y Materiales de Producción y Comercialización | C22: 0 | D22: 0 | E22: 0 | F22: 0 | G22: 0 | H22: =E22-F22 -> 0
B23: b4) Materiales y Artículos de Construcción y de Reparación | C23: 569262 | D23: 863654 | E23: 1432916 | F23: 1432916 | G23: 1432916 | H23: =E23-F23 -> 0
B24: b5) Productos Químicos, Farmacéuticos y de Laboratorio | C24: 319944 | D24: 356561 | E24: 676505 | F24: 676505 | G24: 676505 | H24: =E24-F24 -> 0
B25: b6) Combustibles, Lubricantes y Aditivos | C25: 828568 | D25: -614228 | E25: 214340 | F25: 214340 | G25: 214340 | H25: =E25-F25 -> 0
B26: b7) Vestuario, Blancos, Prendas de Protección y Artículos Deportivos | C26: 131906 | D26: 329494 | E26: 461400 | F26: 461400 | G26: 461400 | H26: =E26-F26 -> 0
B27: b8) Materiales y Suministros Para Seguridad | C27: 536804 | D27: 0 | E27: 0 | F27: 0 | G27: 0 | H27: =E27-F27 -> 0
B28: b9) Herramientas, Refacciones y Accesorios Menores | C28: 0 | D28: 213881 | E28: 750685 | F28: 750685 | G28: 750685 | H28: =E28-F28 -> 0
A29: C. Servicios Generales (C=c1+c2+c3+c4+c5+c6+c7+c8+c9) | C29: =SUM(C30:C38) -> 5172989 | D29: 2793751 | E29: 7966740 | F29: 7769306 | G29: 6294286 | H29: =SUM(H30:H38) -> 197434
B30: c1) Servicios Básicos | C30: 200000 | D30: 109581 | E30: 309581 | F30: 309581 | G30: 296085 | H30: =E30-F30 -> 0
B31: c2) Servicios de Arrendamiento | C31: 0 | D31: 224604 | E31: 224604 | F31: 224604 | G31: 224604 | H31: =E31-F31 -> 0
B32: c3) Servicios Profesionales, Científicos, Técnicos y Otros Servicios | C32: 0 | D32: 2023723 | E32: 2023723 | F32: 2023723 | G32: 1914067 | H32: =E32-F32 -> 0
B33: c4) Servicios Financieros, Bancarios y Comerciales | C33: 3000 | D33: 635262 | E33: 638262 | F33: 638262 | G33: 550351 | H33: =E33-F33 -> 0
B34: c5) Servicios de Instalación, Reparación, Mantenimiento y Conservación | C34: 0 | D34: 1864721 | E34: 1864721 | F34: 1864721 | G34: 1864721 | H34: =E34-F34 -> 0
B35: c6) Servicios de Comunicación Social y Publicidad | C35: 469039 | D35: 631 | E35: 469670 | F35: 469670 | G35: 469670 | H35: =E35-F35 -> 0
B36: c7) Servicios de Traslado y Viáticos | C36: 2267615 | D36: -1878961 | E36: 388654 | F36: 191220 | G36: 186453 | H36: =E36-F36 -> 197434
B37: c8) Servicios Oficiales | C37: 100000 | D37: 17323 | E37: 117323 | F37: 117323 | G37: 117323 | H37: =E37-F37 -> 0
B38: c9) Otros Servicios Generales | C38: 2133335 | D38: -203133 | E38: 1930202 | F38: 1930202 | G38: 671012 | H38: =E38-F38 -> 0
A39: D. Transferencias, Asignaciones, Subsidios y Otras Ayudas (D=d1+d2+d3+d4+d5+d6+d7+d8+d9) | C39: =SUM(C40:C48) -> 0 | D39: 443567 | E39: 443567 | F39: 443567 | G39: 307733 | H39: =SUM(H40:H48) -> 0
B40: d1) Transferencias Internas y Asignaciones al Sector Público | C40: 0 | D40: 0 | E40: 0 | F40: 0 | G40: 0 | H40: =E40-F40 -> 0
B41: d2) Transferencias al Resto del Sector Público | C41: 0 | D41: 0 | E41: 0 | F41: 0 | G41: 0 | H41: =E41-F41 -> 0
B42: d3) Subsidios y Subvenciones | C42: 0 | D42: 0 | E42: 0 | F42: 0 | G42: 0 | H42: =E42-F42 -> 0
B43: d4) Ayudas Sociales | C43: 0 | D43: 443567 | E43: 443567 | F43: 443567 | G43: 307733 | H43: =E43-F43 -> 0
B44: d5) Pensiones y Jubilaciones | C44: 0 | D44: 0 | E44: 0 | F44: 0 | G44: 0 | H44: =E44-F44 -> 0
B45: d6) Transferencias a Fideicomisos, Mandatos y Otros Análogos | C45: 0 | D45: 0 | E45: 0 | F45: 0 | G45: 0 | H45: =E45-F45 -> 0
B46: d7) Transferencias a la Seguridad Social | C46: 0 | D46: 0 | E46: 0 | F46: 0 | G46: 0 | H46: =E46-F46 -> 0
B47: d8) Donativos | C47: 0 | D47: 0 | E47: 0 | F47: 0 | G47: 0 | H47: =E47-F47 -> 0
B48: d9) Transferencias al Exterior | C48: 0 | D48: 0 | E48: 0 | F48: 0 | G48: 0 | H48: =E48-F48 -> 0
A49: E. Bienes Muebles, Inmuebles e Intangibles (E=e1+e2+e3+e4+e5+e6+e7+e8+e9) | C49: =SUM(C50:C58) -> 0 | D49: 166155 | E49: 166155 | F49: 166155 | G49: 166155 | H49: =SUM(H50:H58) -> 0
B50: e1) Mobiliario y Equipo de Administración | C50: 0 | D50: 61308 | E50: 61308 | F50: 61308 | G50: 61308 | H50: =E50-F50 -> 0
B51: e2) Mobiliario y Equipo Educacional y Recreativo | C51: 0 | D51: 0 | E51: 0 | F51: 0 | G51: 0 | H51: =E51-F51 -> 0
B52: e3) Equipo e Instrumental Médico y de Laboratorio | C52: 0 | D52: 0 | E52: 0 | F52: 0 | G52: 0 | H52: =E52-F52 -> 0
B53: e4) Vehículos y Equipo de Transporte | C53: 0 | D53: 0 | E53: 0 | F53: 0 | G53: 0 | H53: =E53-F53 -> 0
B54: e5) Equipo de Defensa y Seguridad | C54: 0 | D54: 0 | E54: 0 | F54: 0 | G54: 0 | H54: =E54-F54 -> 0
B55: e6) Maquinaria, Otros Equipos y Herramientas | C55: 0 | D55: 0 | E55: 0 | F55: 0 | G55: 0 | H55: =E55-F55 -> 0
B56: e7) Activos Biológicos | C56: 0 | D56: 0 | E56: 0 | F56: 0 | G56: 0 | H56: =E56-F56 -> 0
B57: e8) Bienes Inmuebles | C57: 0 | D57: 0 | E57: 0 | F57: 0 | G57: 0 | H57: =E57-F57 -> 0
B58: e9) Activos Intangibles | C58: 0 | D58: 104847 | E58: 104847 | F58: 104847 | G58: 104847 | H58: =E58-F58 -> 0
A59: F. Inversión Pública (F=f1+f2+f3) | C59: =SUM(C60:C62) -> 0 | D59: =SUM(D60:D62) -> 0 | E59: =SUM(E60:E62) -> 0 | F59: =SUM(F60:F62) -> 0 | G59: =SUM(G60:G62) -> 0 | H59: =SUM(H60:H62) -> 0
B60: f1) Obra Pública en Bienes de Dominio Público | C60: 0 | D60: 0 | E60: =D60+C60 -> 0 | F60: 0 | G60: 0 | H60: =E60-F60 -> 0
B61: f2) Obra Pública en Bienes Propios | C61: 0 | D61: 0 | E61: =D61+C61 -> 0 | F61: 0 | G61: 0 | H61: =E61-F61 -> 0
B62: f3) Proyectos Productivos y Acciones de Fomento | C62: 0 | D62: 0 | E62: =D62+C62 -> 0 | F62: 0 | G62: 0 | H62: =E62-F62 -> 0
A63: G. Inversiones Financieras y Otras Provisiones (G=g1+g2+g3+g4+g5+g6+g7) | C63: =SUM(C64:C71) -> 0 | D63: =SUM(D64:D71) -> 0 | E63: =SUM(E64:E71) -> 0 | F63: =SUM(F64:F71) -> 0 | G63: =SUM(G64:G71) -> 0 | H63: =SUM(H64:H71) -> 0
B64: g1) Inversiones Para el Fomento de Actividades Productivas | C64: 0 | D64: 0 | E64: =C64+D64 -> 0 | F64: 0 | G64: 0 | H64: =E64-F64 -> 0
B65: g2) Acciones y Participaciones de Capital | C65: 0 | D65: 0 | E65: =C65+D65 -> 0 | F65: 0 | G65: 0 | H65: =E65-F65 -> 0
B66: g3) Compra de Títulos y Valores | C66: 0 | D66: 0 | E66: =C66+D66 -> 0 | F66: 0 | G66: 0 | H66: =E66-F66 -> 0
B67: g4) Concesión de Préstamos | C67: 0 | D67: 0 | E67: =C67+D67 -> 0 | F67: 0 | G67: 0 | H67: =E67-F67 -> 0
B68: g5) Inversiones en Fideicomisos, Mandatos y Otros Análogos | C68: 0 | D68: 0 | E68: =C68+D68 -> 0 | F68: 0 | G68: 0 | H68: =E68-F68 -> 0
B69: Fideicomiso de Desastres Naturales (Informativo) | C69: 0 | D69: 0 | E69: =C69+D69 -> 0 | F69: 0 | G69: 0 | H69: =E69-F69 -> 0
B70: g6) Otras Inversiones Financieras | C70: 0 | D70: 0 | E70: =C70+D70 -> 0 | F70: 0 | G70: 0 | H70: =E70-F70 -> 0
B71: g7) Provisiones para Contingencias y Otras Erogaciones Especiales | C71: 0 | D71: 0 | E71: =C71+D71 -> 0 | F71: 0 | G71: 0 | H71: =E71-F71 -> 0
A72: H. Participaciones y Aportaciones (H=h1+h2+h3) | C72: =SUM(C73:C75) -> 0 | D72: =SUM(D73:D75) -> 0 | E72: =SUM(E73:E75) -> 0 | F72: =SUM(F73:F75) -> 0 | G72: =SUM(G73:G75) -> 0 | H72: =SUM(H73:H75) -> 0
B73: h1) Participaciones | C73: 0 | D73: 0 | E73: =D73+C73 -> 0 | F73: 0 | G73: 0 | H73: =E73-F73 -> 0
B74: h2) Aportaciones | C74: 0 | D74: 0 | E74: =D74+C74 -> 0 | F74: 0 | G74: 0 | H74: =E74-F74 -> 0
B75: h3) Convenios | C75: 0 | D75: 0 | E75: =D75+C75 -> 0 | F75: 0 | G75: 0 | H75: =E75-F75 -> 0
A76: I. Deuda Pública (I=i1+i2+i3+i4+i5+i6+i7) | C76: =SUM(C77:C83) -> 0 | D76: =SUM(D77:D83) -> 0 | E76: =SUM(E77:E83) -> 0 | F76: =SUM(F77:F83) -> 0 | G76: =SUM(G77:G83) -> 0 | H76: =SUM(H77:H83) -> 0
B77: i1) Amortización de la Deuda Pública | C77: 0 | D77: 0 | E77: =D77+C77 -> 0 | F77: 0 | G77: 0 | H77: =E77-F77 -> 0
B78: i2) Intereses de la Deuda Pública | C78: 0 | D78: 0 | E78: =D78+C78 -> 0 | F78: 0 | G78: 0 | H78: =E78-F78 -> 0
B79: i3) Comisiones de la Deuda Pública | C79: 0 | D79: 0 | E79: =D79+C79 -> 0 | F79: 0 | G79: 0 | H79: =E79-F79 -> 0
B80: i4) Gastos de la Deuda Pública | C80: 0 | D80: 0 | E80: =D80+C80 -> 0 | F80: 0 | G80: 0 | H80: =E80-F80 -> 0
B81: i5) Costo por Coberturas | C81: 0 | D81: 0 | E81: =D81+C81 -> 0 | F81: 0 | G81: 0 | H81: =E81-F81 -> 0
B82: i6) Apoyos Financieros | C82: 0 | D82: 0 | E82: =D82+C82 -> 0 | F82: 0 | G82: 0 | H82: =E82-F82 -> 0
B83: i7) Adeudos de Ejercicios Fiscales Anteriores (ADEFAS) | C83: 0 | D83: 0 | E83: =D83+C83 -> 0 | F83: 0 | G83: 0 | H83: =E83-F83 -> 0
A85: II. Gasto Etiquetado (II=A+B+C+D+E+F+G+H+I) | C85: =C86+C94+C104+C114+C124+C134+C138+C147+C151 -> 0 | D85: =D86+D94+D104+D114+D124+D134+D138+D147+D151 -> 0 | E85: =E86+E94+E104+E114+E124+E134+E138+E147+E151 -> 0 | F85: =F86+F94+F104+F114+F124+F134+F138+F147+F151 -> 0 | G85: =G86+G94+G104+G114+G124+G134+G138+G147+G151 -> 0 | H85: =H86+H94+H104+H114+H124+H134+H138+H147+H151 -> 0
A86: A. Servicios Personales (A=a1+a2+a3+a4+a5+a6+a7) | C86: =SUM(C87:C93) -> 0 | D86: =SUM(D87:D93) -> 0 | E86: =SUM(E87:E93) -> 0 | F86: =SUM(F87:F93) -> 0 | G86: =SUM(G87:G93) -> 0 | H86: =SUM(H87:H93) -> 0
B87: a1) Remuneraciones al Personal de Carácter Permanente | C87: 0 | D87: 0 | E87: =D87+C87 -> 0 | F87: 0 | G87: 0 | H87: =E87-F87 -> 0
B88: a2) Remuneraciones al Personal de Carácter Transitorio | C88: 0 | D88: 0 | E88: =D88+C88 -> 0 | F88: 0 | G88: 0 | H88: =E88-F88 -> 0
B89: a3) Remuneraciones Adicionales y Especiales | C89: 0 | D89: 0 | E89: =D89+C89 -> 0 | F89: 0 | G89: 0 | H89: =E89-F89 -> 0
B90: a4) Seguridad Social | C90: 0 | D90: 0 | E90: =D90+C90 -> 0 | F90: 0 | G90: 0 | H90: =E90-F90 -> 0
B91: a5) Otras Prestaciones Sociales y Económicas | C91: 0 | D91: 0 | E91: =D91+C91 -> 0 | F91: 0 | G91: 0 | H91: =E91-F91 -> 0
B92: a6) Previsiones | C92: 0 | D92: 0 | E92: =D92+C92 -> 0 | F92: 0 | G92: 0 | H92: =E92-F92 -> 0
B93: a7) Pago de Estímulos a Servidores Públicos | C93: 0 | D93: 0 | E93: =D93+C93 -> 0 | F93: 0 | G93: 0 | H93: =E93-F93 -> 0
A94: B. Materiales y Suministros (B=b1+b2+b3+b4+b5+b6+b7+b8+b9) | C94: =SUM(C95:C103) -> 0 | D94: =SUM(D95:D103) -> 0 | E94: =SUM(E95:E103) -> 0 | F94: =SUM(F95:F103) -> 0 | G94: =SUM(G95:G103) -> 0 | H94: =SUM(H95:H103) -> 0
B95: b1) Materiales de Administración, Emisión de Documentos y Artículos Oficiales | C95: 0 | D95: 0 | E95: =C95+D95 -> 0 | F95: 0 | G95: 0 | H95: =E95-F95 -> 0
B96: b2) Alimentos y Utensilios | C96: 0 | D96: 0 | E96: =C96+D96 -> 0 | F96: 0 | G96: 0 | H96: =E96-F96 -> 0
B97: b3) Materias Primas y Materiales de Producción y Comercialización | C97: 0 | D97: 0 | E97: =C97+D97 -> 0 | F97: 0 | G97: 0 | H97: =E97-F97 -> 0
B98: b4) Materiales y Artículos de Construcción y de Reparación | C98: 0 | D98: 0 | E98: =C98+D98 -> 0 | F98: 0 | G98: 0 | H98: =E98-F98 -> 0
B99: b5) Productos Químicos, Farmacéuticos y de Laboratorio | C99: 0 | D99: 0 | E99: =C99+D99 -> 0 | F99: 0 | G99: 0 | H99: =E99-F99 -> 0
B100: b6) Combustibles, Lubricantes y Aditivos | C100: 0 | D100: 0 | E100: =C100+D100 -> 0 | F100: 0 | G100: 0 | H100: =E100-F100 -> 0
B101: b7) Vestuario, Blancos, Prendas de Protección y Artículos Deportivos | C101: 0 | D101: 0 | E101: =C101+D101 -> 0 | F101: 0 | G101: 0 | H101: =E101-F101 -> 0
...

Sheet 6b ADMVA
A1: ='6a COG'!A1:H1 -> CUENTA PÚBLICA 2021
A2: ='6a COG'!A2:H2 -> INSTITUTO TECNOLÓGICO SUPERIOR DE PEROTE
A3: Estado Analítico del Ejercicio del Presupuesto de Egresos Detallado - LDF
A4: Clasificación Administrativa
A5: ='6a COG'!A5:H5 -> Del 1 de Enero al 31 de Diciembre de 2021
A6: (PESOS)
A7: Concepto (c) | B7: Egresos | G7: Subejercicio (e)
B8: Aprobado (d) | C8: Ampliaciones/ | D8: Modificado | E8: Devengado | F8: Pagado
C9: (Reducciones)
A10: I. Gasto No Etiquetado | B10: =B11 -> 26505518 | C10: =C11 -> 32119924 | D10: =D11 -> 58625442 | E10: =E11 -> 58428008 | F10: =F11 -> 56011764 | G10: =G11 -> 197434
A11: A. Dependencia o Unidad Administrativa 1 | B11: 26505518 | C11: 32119924 | D11: 58625442 | E11: 58428008 | F11: 56011764 | G11: =D11-E11 -> 197434
A12: II. Gasto Etiquetado | B12: =B13 -> 0 | C12: =C13 -> 0 | D12: =D13 -> 0 | E12: =E13 -> 0 | F12: =F13 -> 0 | G12: =G13 -> 0
A13: A. Dependencia o Unidad Administrativa 1 | B13: 0 | C13: 0 | D13: =B13+C13 -> 0 | E13: 0 | F13: 0 | G13: =D13-E13 -> 0
A14: III. Total de Egresos (III = I + II) | B14: =B12+B10 -> 26505518 | C14: =C12+C10 -> 32119924 | D14: =D12+D10 -> 58625442 | E14: =E12+E10 -> 58428008 | F14: =F12+F10 -> 56011764 | G14: =G12+G10 -> 197434
B17: =IF(B14='5 INGRESOS'!B74,"","ERROR VS ANALITICO INGRESOS") | C17: =IF(C14='5 INGRESOS'!C74,"","ERROR VS ANALITICO INGRESOS") | D17: =IF(D14='5 INGRESOS'!D74,"","ERROR VS ANALITICO INGRESOS") | E17: =IF(E14='6a COG'!F160,"","ERRORCOG") | F17: =IF(F14='6a COG'!G160,"","ERRORCOG") | G17: =IF(G14='6a COG'!H160,"","ERRORCOG")

Sheet 6c FUNCION
A1: ='6b ADMVA'!A1:G1 -> CUENTA PÚBLICA 2021
A2: ='6b ADMVA'!A2:G2 -> INSTITUTO TECNOLÓGICO SUPERIOR DE PEROTE
A3: Estado Analítico del Ejercicio del Presupuesto de Egresos Detallado - LDF
A4: Clasificación Funcional (Finalidad y Función)
A5: ='6b ADMVA'!A5:G5 -> Del 1 de Enero al 31 de Diciembre de 2021
A6: (PESOS)
A7: Concepto (c) | C7: Egresos | H7: Subejercicio (e)
C8: Aprobado (d) | D8: Ampliaciones/ | E8: Modificado | F8: Devengado | G8: Pagado
D9: (Reducciones)
A11: I. Gasto No Etiquetado (I=A+B+C+D) | C11: =C12+C22+C31+C42 -> 0 | D11: =D12+D22+D31+D42 -> 0 | E11: =E12+E22+E31+E42 -> 0 | F11: =F12+F22+F31+F42 -> 0 | G11: =G12+G22+G31+G42 -> 0 | H11: =H12+H22+H31+H42 -> 0
A12: A. Gobierno (A=a1+a2+a3+a4+a5+a6+a7+a8) | C12: =SUM(C13:C20) -> 0 | D12: =SUM(D13:D20) -> 0 | E12: =SUM(E13:E20) -> 0 | F12: =SUM(F13:F20) -> 0 | G12: =SUM(G13:G20) -> 0 | H12: =SUM(H13:H20) -> 0
B13: a1) Legislación | C13: 0 | D13: 0 | E13: =D13+C13 -> 0 | F13: 0 | G13: 0 | H13: =E13-F13 -> 0
B14: a2) Justicia | C14: 0 | D14: 0 | E14: =D14+C14 -> 0 | F14: 0 | G14: 0 | H14: =E14-F14 -> 0
B15: a3) Coordinación de la Política de Gobierno | C15: 0 | D15: 0 | E15: =D15+C15 -> 0 | F15: 0 | G15: 0 | H15: =E15-F15 -> 0
B16: a4) Relaciones Exteriores | C16: 0 | D16: 0 | E16: =D16+C16 -> 0 | F16: 0 | G16: 0 | H16: =E16-F16 -> 0
B17: a5) Asuntos Financieros y Hacendarios | C17: 0 | D17: 0 | E17: =D17+C17 -> 0 | F17: 0 | G17: 0 | H17: =E17-F17 -> 0
B18: a6) Seguridad Nacional | C18: 0 | D18: 0 | E18: =D18+C18 -> 0 | F18: 0 | G18: 0 | H18: =E18-F18 -> 0
B19: a7) Asuntos de Orden Público y de Seguridad Interior | C19: 0 | D19: 0 | E19: =D19+C19 -> 0 | F19: 0 | G19: 0 | H19: =E19-F19 -> 0
B20: a8) Otros Servicios Generales | C20: 0 | D20: 0 | E20: =D20+C20 -> 0 | F20: 0 | G20: 0 | H20: =E20-F20 -> 0
A22: B. Desarrollo Social (B=b1+b2+b3+b4+b5+b6+b7) | C22: =SUM(C23:C29) -> 0 | D22: =SUM(D23:D29) -> 0 | E22: =SUM(E23:E29) -> 0 | F22: =SUM(F23:F29) -> 0 | G22: =SUM(G23:G29) -> 0 | H22: =SUM(H23:H29) -> 0
B23: b1) Protección Ambiental | C23: 0 | D23: 0 | E23: =D23+C23 -> 0 | F23: 0 | G23: 0 | H23: =E23-F23 -> 0
B24: b2) Vivienda y Servicios a la Comunidad | C24: 0 | D24: 0 | E24: =D24+C24 -> 0 | F24: 0 | G24: 0 | H24: =E24-F24 -> 0
B25: b3) Salud | C25: 0 | D25: 0 | E25: =D25+C25 -> 0 | F25: 0 | G25: 0 | H25: =E25-F25 -> 0
B26: b4) Recreación, Cultura y Otras Manifestaciones Sociales | C26: 0 | D26: 0 | E26: =C26+D26 -> 0 | F26: 0 | G26: 0 | H26: =E26-F26 -> 0
B27: b5) Educación | C27: 0 | D27: 0 | E27: =D27+C27 -> 0 | F27: 0 | G27: 0 | H27: =E27-F27 -> 0
B28: b6) Protección Social | C28: 0 | D28: 0 | E28: =D28+C28 -> 0 | F28: 0 | G28: 0 | H28: =E28-F28 -> 0
B29: b7) Otros Asuntos Sociales | C29: 0 | D29: 0 | E29: =D29+C29 -> 0 | F29: 0 | G29: 0 | H29: =E29-F29 -> 0
A31: C. Desarrollo Económico (C=c1+c2+c3+c4+c5+c6+c7+c8+c9) | C31: =SUM(C32:C40) -> 0 | D31: =SUM(D32:D40) -> 0 | E31: =SUM(E32:E40) -> 0 | F31: =SUM(F32:F40) -> 0 | G31: =SUM(G32:G40) -> 0 | H31: =SUM(H32:H40) -> 0
B32: c1) Asuntos Económicos, Comerciales y Laborales en General | C32: 0 | D32: 0 | E32: =C32+D32 -> 0 | F32: 0 | G32: 0 | H32: =E32-F32 -> 0
B33: c2) Agropecuaria, Silvicultura, Pesca y Caza | C33: 0 | D33: 0 | E33: =C33+D33 -> 0 | F33: 0 | G33: 0 | H33: =E33-F33 -> 0
B34: c3) Combustibles y Energía | C34: 0 | D34: 0 | E34: =C34+D34 -> 0 | F34: 0 | G34: 0 | H34: =E34-F34 -> 0
B35: c4) Minería, Manufacturas y Construcción | C35: 0 | D35: 0 | E35: =C35+D35 -> 0 | F35: 0 | G35: 0 | H35: =E35-F35 -> 0
B36: c5) Transporte | C36: 0 | D36: 0 | E36: =C36+D36 -> 0 | F36: 0 | G36: 0 | H36: =E36-F36 -> 0
B37: c6) Comunicaciones | C37: 0 | D37: 0 | E37: =C37+D37 -> 0 | F37: 0 | G37: 0 | H37: =E37-F37 -> 0
B38: c7) Turismo | C38: 0 | D38: 0 | E38: =C38+D38 -> 0 | F38: 0 | G38: 0 | H38: =E38-F38 -> 0
B39: c8) Ciencia, Tecnología e Innovación | C39: 0 | D39: 0 | E39: =C39+D39 -> 0 | F39: 0 | G39: 0 | H39: =E39-F39 -> 0
B40: c9) Otras Industrias y Otros Asuntos Económicos | C40: 0 | D40: 0 | E40: =C40+D40 -> 0 | F40: 0 | G40: 0 | H40: =E40-F40 -> 0
A42: D. Otras No Clasificadas en Funciones Anteriores (D=d1+d2+d3+d4) | C42: =SUM(C43:C46) -> 0 | D42: =SUM(D43:D46) -> 0 | E42: =SUM(E43:E46) -> 0 | F42: =SUM(F43:F46) -> 0 | G42: =SUM(G43:G46) -> 0 | H42: =SUM(H43:H46) -> 0
B43: d1) Transacciones de la Deuda Publica / Costo Financiero de la Deuda | C43: 0 | D43: 0 | E43: =D43+C43 -> 0 | F43: 0 | G43: 0 | H43: =E43-F43 -> 0
B44: d2) Transferencias, Participaciones y Aportaciones entre Diferentes Niveles y Órdenes de Gobierno | C44: 0 | D44: 0 | E44: =C44+D44 -> 0 | F44: 0 | G44: 0 | H44: =E44-F44 -> 0
B45: d3) Saneamiento del Sistema Financiero | C45: 0 | D45: 0 | E45: =C45+D45 -> 0 | F45: 0 | G45: 0 | H45: =E45-F45 -> 0
B46: d4) Adeudos de Ejercicios Fiscales Anteriores | C46: 0 | D46: 0 | E46: =C46+D46 -> 0 | F46: 0 | G46: 0 | H46: =E46-F46 -> 0
A48: II. Gasto Etiquetado (II=A+B+C+D) | C48: =C49+C59+C68+C79 -> 26505518 | D48: =D49+D59+D68+D79 -> 32119924 | E48: =E49+E59+E68+E79 -> 58625442 | F48: =F49+F59+F68+F79 -> 58428008 | G48: =G49+G59+G68+G79 -> 56011764 | H48: =H49+H59+H68+H79 -> 197434
A49: A. Gobierno (A=a1+a2+a3+a4+a5+a6+a7+a8) | C49: =SUM(C50:C57) -> 0 | D49: =SUM(D50:D57) -> 0 | E49: =SUM(E50:E57) -> 0 | F49: =SUM(F50:F57) -> 0 | G49: =SUM(G50:G57) -> 0 | H49: =SUM(H50:H57) -> 0
B50: a1) Legislación | C50: 0 | D50: 0 | E50: =D50+C50 -> 0 | F50: 0 | G50: 0 | H50: =E50-F50 -> 0
B51: a2) Justicia | C51: 0 | D51: 0 | E51: =D51+C51 -> 0 | F51: 0 | G51: 0 | H51: =E51-F51 -> 0
B52: a3) Coordinación de la Política de Gobierno | C52: 0 | D52: 0 | E52: =D52+C52 -> 0 | F52: 0 | G52: 0 | H52: =E52-F52 -> 0
B53: a4) Relaciones Exteriores | C53: 0 | D53: 0 | E53: =D53+C53 -> 0 | F53: 0 | G53: 0 | H53: =E53-F53 -> 0
B54: a5) Asuntos Financieros y Hacendarios | C54: 0 | D54: 0 | E54: =D54+C54 -> 0 | F54: 0 | G54: 0 | H54: =E54-F54 -> 0
B55: a6) Seguridad Nacional | C55: 0 | D55: 0 | E55: =D55+C55 -> 0 | F55: 0 | G55: 0 | H55: =E55-F55 -> 0
B56: a7) Asuntos de Orden Público y de Seguridad Interior | C56: 0 | D56: 0 | E56: =D56+C56 -> 0 | F56: 0 | G56: 0 | H56: =E56-F56 -> 0
B57: a8) Otros Servicios Generales | C57: 0 | D57: 0 | E57: =D57+C57 -> 0 | F57: 0 | G57: 0 | H57: =E57-F57 -> 0
A59: B. Desarrollo Social (B=b1+b2+b3+b4+b5+b6+b7) | C59: =SUM(C60:C66) -> 26505518 | D59: =SUM(D60:D66) -> 32119924 | E59: =SUM(E60:E66) -> 58625442 | F59: =SUM(F60:F66) -> 58428008 | G59: =SUM(G60:G66) -> 56011764 | H59: =SUM(H60:H66) -> 197434
B60: b1) Protección Ambiental | C60: 0 | D60: 0 | E60: =D60+C60 -> 0 | F60: 0 | G60: 0 | H60: =E60-F60 -> 0
B61: b2) Vivienda y Servicios a la Comunidad | C61: 0 | D61: 0 | E61: =D61+C61 -> 0 | F61: 0 | G61: 0 | H61: =E61-F61 -> 0
B62: b3) Salud | C62: 0 | D62: 0 | E62: =D62+C62 -> 0 | F62: 0 | G62: 0 | H62: =E62-F62 -> 0
B63: b4) Recreación, Cultura y Otras Manifestaciones Sociales | C63: 0 | D63: 0 | E63: =C63+D63 -> 0 | F63: 0 | G63: 0 | H63: =E63-F63 -> 0
B64: b5) Educación | C64: 26505518 | D64: 32119924 | E64: 58625442 | F64: 58428008 | G64: 56011764 | H64: =E64-F64 -> 197434
B65: b6) Protección Social | C65: 0 | D65: 0 | E65: =D65+C65 -> 0 | F65: 0 | G65: 0 | H65: =E65-F65 -> 0
B66: b7) Otros Asuntos Sociales | C66: 0 | D66: 0 | E66: =D66+C66 -> 0 | F66: 0 | G66: 0 | H66: =E66-F66 -> 0
A68: C. Desarrollo Económico (C=c1+c2+c3+c4+c5+c6+c7+c8+c9) | C68: =SUM(C69:C77) -> 0 | D68: =SUM(D69:D77) -> 0 | E68: =SUM(E69:E77) -> 0 | F68: =SUM(F69:F77) -> 0 | G68: =SUM(G69:G77) -> 0 | H68: =SUM(H69:H77) -> 0
B69: c1) Asuntos Económicos, Comerciales y Laborales en General | C69: 0 | D69: 0 | E69: =C69+D69 -> 0 | F69: 0 | G69: 0 | H69: =E69-F69 -> 0
B70: c2) Agropecuaria, Silvicultura, Pesca y Caza | C70: 0 | D70: 0 | E70: =C70+D70 -> 0 | F70: 0 | G70: 0 | H70: =E70-F70 -> 0
B71: c3) Combustibles y Energía | C71: 0 | D71: 0 | E71: =C71+D71 -> 0 | F71: 0 | G71: 0 | H71: =E71-F71 -> 0
B72: c4) Minería, Manufacturas y Construcción | C72: 0 | D72: 0 | E72: =C72+D72 -> 0 | F72: 0 | G72: 0 | H72: =E72-F72 -> 0
B73: c5) Transporte | C73: 0 | D73: 0 | E73: =C73+D73 -> 0 | F73: 0 | G73: 0 | H73: =E73-F73 -> 0
B74: c6) Comunicaciones | C74: 0 | D74: 0 | E74: =C74+D74 -> 0 | F74: 0 | G74: 0 | H74: =E74-F74 -> 0
B75: c7) Turismo | C75: 0 | D75: 0 | E75: =C75+D75 -> 0 | F75: 0 | G75: 0 | H75: =E75-F75 -> 0
B76: c8) Ciencia, Tecnología e Innovación | C76: 0 | D76: 0 | E76: =C76+D76 -> 0 | F76: 0 | G76: 0 | H76: =E76-F76 -> 0
B77: c9) Otras Industrias y Otros Asuntos Económicos | C77: 0 | D77: 0 | E77: =C77+D77 -> 0 | F77: 0 | G77: 0 | H77: =E77-F77 -> 0
A79: D. Otras No Clasificadas en Funciones Anteriores (D=d1+d2+d3+d4) | C79: =SUM(C80:C83) -> 0 | D79: =SUM(D80:D83) -> 0 | E79: =SUM(E80:E83) -> 0 | F79: =SUM(F80:F83) -> 0 | G79: =SUM(G80:G83) -> 0 | H79: =SUM(H80:H83) -> 0
B80: d1) Transacciones de la Deuda Publica / Costo Financiero de la Deuda | C80: 0 | D80: 0 | E80: =D80+C80 -> 0 | F80: 0 | G80: 0 | H80: =E80-F80 -> 0
B81: d2) Transferencias, Participaciones y Aportaciones entre Diferentes Niveles y Órdenes de Gobierno | C81: 0 | D81: 0 | E81: =C81+D81 -> 0 | F81: 0 | G81: 0 | H81: =E81-F81 -> 0
B82: d3) Saneamiento del Sistema Financiero | C82: 0 | D82: 0 | E82: =C82+D82 -> 0 | F82: 0 | G82: 0 | H82: =E82-F82 -> 0
B83: d4) Adeudos de Ejercicios Fiscales Anteriores | C83: 0 | D83: 0 | E83: =C83+D83 -> 0 | F83: 0 | G83: 0 | H83: =E83-F83 -> 0
A85: III. Total de Egresos (III = I + II) | C85: =C11+C48 -> 26505518 | D85: =D11+D48 -> 32119924 | E85: =E11+E48 -> 58625442 | F85: =F11+F48 -> 58428008 | G85: =G11+G48 -> 56011764 | H85: =H11+H48 -> 197434
C87: =IF(C85='5 INGRESOS'!B74,"","ERROR VS ANALITICO INGRESOS") | D87: =IF(D85='5 INGRESOS'!C74,"","ERROR VS ANALITICO INGRESOS") | E87: =IF(E85='5 INGRESOS'!D74,"","ERROR VS ANALITICO INGRESOS") | F87: =IF(F85='6a COG'!F160,"","ERRORCOG") | G87: =IF(G85='6a COG'!G160,"","ERRORCOG") | H87: =IF(H85='6a COG'!H160,"","ERRORCOG")

Sheet 6d SERV PERS.
A1: ='6c FUNCION'!A1:H1 -> CUENTA PÚBLICA 2021
A2: ='6c FUNCION'!A2:H2 -> INSTITUTO TECNOLÓGICO SUPERIOR DE PEROTE
A3: Estado Analítico del Ejercicio del Presupuesto de Egresos Detallado - LDF
A4: Clasificación de Servicios Personales por Categoría
A5: ='6c FUNCION'!A5:H5 -> Del 1 de Enero al 31 de Diciembre de 2021
A6: (PESOS)
A7: Concepto (c) | B7: Egresos | G7: Subejercicio (e)
B8: Aprobado (d) | C8: Ampliaciones/ | D8: Modificado | E8: Devengado | F8: Pagado
C9: (Reducciones)
A10: I. Gasto No Etiquetado (I=A+B+C+D+E+F) | B10: =B11+B12+B13+B16+B17+B20 -> 14429871 | C10: =C11+C12+C13+C16+C17+C20 -> 31031940 | D10: =D11+D12+D13+D16+D17+D20 -> 45461811 | E10: =E11+E12+E13+E16+E17+E20 -> 45461811 | F10: =F11+F12+F13+F16+F17+F20 -> 44656421 | G10: =G11+G12+G13+G16+G17+G20 -> 0
A11: A. Personal Administrativo y de Servicio Público | B11: ='6a COG'!C11 -> 14429871 | C11: ='6a COG'!D11 -> 31031940 | D11: ='6a COG'!E11 -> 45461811 | E11: ='6a COG'!F11 -> 45461811 | F11: ='6a COG'!G11 -> 44656421 | G11: =D11-E11 -> 0
A12: B. Magisterio | B12: 0 | C12: 0 | D12: =C12+B12 -> 0 | E12: 0 | F12: 0 | G12: =D12-E12 -> 0
A13: C. Servicios de Salud (C=c1+c2) | B13: =B14+B15 -> 0 | C13: =C14+C15 -> 0 | D13: =D14+D15 -> 0 | E13: =E14+E15 -> 0 | F13: =F14+F15 -> 0 | G13: =G14+G15 -> 0
A14: c1) Personal Administrativo | B14: 0 | C14: 0 | D14: =C14+B14 -> 0 | E14: 0 | F14: 0 | G14: =D14-E14 -> 0
A15: c2) Personal Médico, Paramédico y afín | B15: 0 | C15: 0 | D15: =C15+B15 -> 0 | E15: 0 | F15: 0 | G15: =D15-E15 -> 0
A16: D. Seguridad Pública | B16: 0 | C16: 0 | D16: =B16+C16 -> 0 | E16: 0 | F16: 0 | G16: =D16-E16 -> 0
A17: E. Gastos asociados a la implementación de nuevas leyes federales o reformas a las mismas (E = e1 + e2) | B17: =B18+B19 -> 0 | C17: =C18+C19 -> 0 | D17: =D18+D19 -> 0 | E17: =E18+E19 -> 0 | F17: =F18+F19 -> 0 | G17: =G18+G19 -> 0
A18: e1) Nombre del Programa o Ley 1 | B18: 0 | C18: 0 | D18: =C18+B18 -> 0 | E18: 0 | F18: 0 | G18: =D18-E18 -> 0
A19: e2) Nombre del Programa o Ley 2 | B19: 0 | C19: 0 | D19: =C19+B19 -> 0 | E19: 0 | F19: 0 | G19: =D19-E19 -> 0
A20: F. Sentencias laborales definitivas | B20: 0 | C20: 0 | D20: =C20+B20 -> 0 | E20: 0 | F20: 0 | G20: =D20-E20 -> 0
A22: II. Gasto Etiquetado (II=A+B+C+D+E+F) | B22: =B23+B24+B25+B28+B29+B32 -> 0 | C22: =C23+C24+C25+C28+C29+C32 -> 0 | D22: =D23+D24+D25+D28+D29+D32 -> 0 | E22: =E23+E24+E25+E28+E29+E32 -> 0 | F22: =F23+F24+F25+F28+F29+F32 -> 0 | G22: =G23+G24+G25+G28+G29+G32 -> 0
A23: A. Personal Administrativo y de Servicio Público | B23: 0 | C23: 0 | D23: =C23+B23 -> 0 | E23: 0 | F23: 0 | G23: =D23-E23 -> 0
A24: B. Magisterio | B24: 0 | C24: 0 | D24: =C24+B24 -> 0 | E24: 0 | F24: 0 | G24: =D24-E24 -> 0
A25: C. Servicios de Salud (C=c1+c2) | B25: =B26+B27 -> 0 | C25: =C26+C27 -> 0 | D25: =D26+D27 -> 0 | E25: =E26+E27 -> 0 | F25: =F26+F27 -> 0 | G25: =G26+G27 -> 0
A26: c1) Personal Administrativo | B26: 0 | C26: 0 | D26: =C26+B26 -> 0 | E26: 0 | F26: 0 | G26: =D26-E26 -> 0
A27: c2) Personal Médico, Paramédico y afín | B27: 0 | C27: 0 | D27: =C27+B27 -> 0 | E27: 0 | F27: 0 | G27: =D27-E27 -> 0
A28: D. Seguridad Pública | B28: 0 | C28: 0 | D28: =B28+C28 -> 0 | E28: 0 | F28: 0 | G28: =D28-E28 -> 0
A29: E. Gastos asociados a la implementación de nuevas leyes federales o reformas a las mismas (E = e1 + e2) | B29: =B30+B31 -> 0 | C29: =C30+C31 -> 0 | D29: =D30+D31 -> 0 | E29: =E30+E31 -> 0 | F29: =F30+F31 -> 0 | G29: =G30+G31 -> 0
A30: e1) Nombre del Programa o Ley 1 | B30: 0 | C30: 0 | D30: =C30+B30 -> 0 | E30: 0 | F30: 0 | G30: =D30-E30 -> 0
A31: e2) Nombre del Programa o Ley 2 | B31: 0 | C31: 0 | D31: =C31+B31 -> 0 | E31: 0 | F31: 0 | G31: =D31-E31 -> 0
A32: F. Sentencias laborales definitivas | B32: 0 | C32: 0 | D32: =C32+B32 -> 0 | E32: 0 | F32: 0 | G32: =D32-E32 -> 0
A33: III. Total del Gasto en Servicios Personales | B33: =B10+B22 -> 14429871 | C33: =C10+C22 -> 31031940 | D33: =D10+D22 -> 45461811 | E33: =E10+E22 -> 45461811 | F33: =F10+F22 -> 44656421 | G33: =G10+G22 -> 0
A34: (III = I + II)
B37: =IF(B33='6a COG'!C11+'6a COG'!C86,"","ERROR VS 6a COG") | C37: =IF(C33='6a COG'!D11+'6a COG'!D86,"","ERROR VS 6a COG") | D37: =IF(D33='6a COG'!E11+'6a COG'!E86,"","ERROR VS 6a COG") | E37: =IF(E33='6a COG'!F11+'6a COG'!F86,"","ERROR VS 6a COG") | F37: =IF(F33='6a COG'!G11+'6a COG'!G86,"","ERROR VS 6a COG") | G37: =IF(G33='6a COG'!H11+'6a COG'!H86,"","ERROR VS 6a COG")

Sheet GuíaCumplimiento
A1: ='6d SERV PERS.'!A1:G1 -> CUENTA PÚBLICA 2021
A2: ='6d SERV PERS.'!A2:G2 -> INSTITUTO TECNOLÓGICO SUPERIOR DE PEROTE
A3: Guía de Cumplimiento de la Ley de Disciplina Financiera de las Entidades Federativas y Municipios
A4: ='6d SERV PERS.'!A5:G5 -> Del 1 de Enero al 31 de Diciembre de 2021
A6: Indicadores de Observancia (c) | D6: Implementación | H6: Resultado | J6: Fundamento (h) | K6: Comentarios (i)
D7: SI | F7: NO
E8: Mecanismo de | G8: Fecha estimada de | H8: Monto o valor (f) | I8: Unidad (pesos/
E9: Verificación (d) | G9: cumplimiento (e) | I9: porcentaje) (g)
A10: INDICADORES PRESUPUESTARIOS
A11: A. INDICADORES CUANTITATIVOS
A12: 1 | B12: Balance Presupuestario Sostenible (j)
B13: a. | C13: Propuesto | E13: Iniciativa de Ley de Ingresos | G13: N.A. | H13: N.A. | I13: pesos | J13: Art. 6 y 19 de la LDF
E14: y Proyecto de Presupuesto
E15: de Egresos
B16: b. | C16: Aprobado | E16: Ley de Ingresos y | G16: N.A. | H16: N.A. | I16: pesos | J16: Art. 6 y 19 de la LDF
E17: Presupuesto de Egresos
B18: c. | C18: Ejercido | E18: Cuenta Pública / Formato 4 | G18: N.A. | H18: N.A. | I18: pesos | J18: Art. 6 y 19 de la LDF
E19: LDF
A20: 2 | B20: Balance Presupuestario de Recursos Disponibles Sostenible (k)
B21: a. | C21: Propuesto | E21: Iniciativa de Ley de Ingresos | G21: N.A. | H21: N.A. | I21: pesos | J21: Art. 6 y 19 de la LDF
E22: y Proyecto de Presupuesto
E23: de Egresos
B24: b. | C24: Aprobado | E24: Ley de Ingresos y | G24: N.A. | H24: N.A. | I24: pesos | J24: Art. 6 y 19 de la LDF
E25: Presupuesto de Egresos
B26: c. | C26: Ejercido | E26: Cuenta Pública / Formato 4 | G26: N.A. | H26: N.A. | I26: pesos | J26: Art. 6 y 19 de la LDF
E27: LDF
A28: 3 | B28: Financiamiento Neto dentro del Techo de Financiamiento Neto (l)
B29: a. | C29: Propuesto | E29: Iniciativa de Ley de Ingresos | G29: N.A. | H29: N.A. | I29: pesos | J29: Art. 6, 19 y 46 de la LDF
B30: b. | C30: Aprobado | E30: Ley de Ingresos | G30: N.A. | H30: N.A. | I30: pesos | J30: Art. 6, 19 y 46 de la LDF
B31: c. | C31: Ejercido | E31: Cuenta Pública / Formato 4 | G31: N.A. | H31: N.A. | I31: pesos | J31: Art. 6, 19 y 46 de la LDF
E32: LDF
A33: 4 | B33: Recursos destinados a la atención de desastres naturales
B34: a. | C34: Asignación al fideicomiso para desastres naturales (m)
C35: a.1 Aprobado | E35: Reporte Trim. Formato 6 a) | G35: N.A. | H35: N.A. | I35: pesos | J35: Art. 9 de la LDF
C36: a.2 Pagado | E36: Cuenta Pública / Formato 6 | G36: N.A. | H36: N.A. | I36: pesos | J36: Art. 9 de la LDF
E37: a)
B38: b. | C38: Aportación promedio realizada por la Entidad Federativa durante los 5 | E38: Autorizaciones de recursos | G38: N.A. | H38: N.A. | I38: pesos | J38: Art. 9 de la LDF
C39: ejercicios previos, para infraestructura dañada por desastres naturales (n) | E39: aprobados por el FONDEN
B40: c. | C40: Saldo del fideicomiso para desastres naturales (o) | E40: Cuenta Pública / Auxiliar de | G40: N.A. | H40: N.A. | I40: pesos | J40: Art. 9 de la LDF
E41: Cuentas
B42: d. | C42: Costo promedio de los últimos 5 ejercicios de la reconstrucción de | E42: Autorizaciones de recursos | G42: N.A. | H42: N.A. | I42: pesos | J42: Art. 9 de la LDF
C43: infraestructura dañada por desastres naturales (p) | E43: aprobados por el FONDEN
A45: 5 | B45: Techo para servicios personales (q)
B46: a. | C46: Asignación en el Presupuesto de Egresos | E46: Reporte Trim. Formato 6 d) | G46: 44561 | H46: ='6d SERV PERS.'!D11 -> 45461811 | I46: pesos | J46: Art. 10 y 21 de la LDF
B47: b. | C47: Ejercido | E47: Reporte Trim. Formato 6 d) | G47: =G46 -> 44561 | H47: ='6d SERV PERS.'!E11 -> 45461811 | I47: pesos | J47: Art. 13 fracc. V y 21 de la LDF
A48: 6 | B48: Previsiones de gasto para compromisos de pago derivados de APPs (r)
B49: a. | C49: Asignación en el Presupuesto de Egresos | E49: Presupuesto de Egresos | G49: N.A. | H49: N.A. | I49: pesos | J49: Art. 11 y 21 de la LDF
A50: 7 | B50: Techo de ADEFAS para el ejercicio fiscal (s)
B51: a. | C51: Propuesto | E51: Proyecto de Presupuesto de | G51: N.A. | H51: N.A. | I51: pesos | J51: Art. 12 y 20 de la LDF
E52: Egresos
B53: b. | C53: Aprobado | E53: Reporte Trim. Formato 6 a) | G53: N.A. | H53: N.A. | I53: pesos | J53: Art. 12 y 20 de la LDF
B54: c. | C54: Ejercido | E54: Cuenta Pública / Formato 6 | G54: N.A. | H54: N.A. | I54: pesos | J54: Art. 12 y 20 de la LDF
E55: a)
A56: B. INDICADORES CUALITATIVOS
A57: 1 | B57: Iniciativa de Ley de Ingresos y Proyecto de Presupuesto de Egresos
B58: a. | C58: Objetivos anuales, estrategias y metas para el ejercicio fiscal (t) | E58: Iniciativa de Ley de Ingresos y | G58: N.A. | H58: N.A. | J58: Art. 5 y 18 de la LDF
E59: Proyecto de Presupuesto de
E60: Egresos
B61: b. | C61: Proyecciones de ejercicios posteriores (u) | E61: Iniciativa de Ley de Ingresos y | G61: N.A. | H61: N.A. | J61: Art. 5 y 18 de la LDF
E62: Proyecto de Presupuesto de
E63: Egresos / Formatos 7 a) y b)
B64: c. | C64: Descripción de riesgos relevantes y propuestas de acción para | E64: Iniciativa de Ley de Ingresos y | G64: N.A. | H64: N.A. | J64: Art. 5 y 18 de la LDF
C65: enfrentarlos (v) | E65: Proyecto de Presupuesto de
E66: Egresos
B67: d. | C67: Resultados de ejercicios fiscales anteriores y el ejercicio fiscal en cuestión | E67: Iniciativa de Ley de Ingresos y | G67: N.A. | H67: N.A. | J67: Art. 5 y 18 de la LDF
C68: (w) | E68: Proyecto de Presupuesto de
E69: Egresos / Formatos 7 c) y d)
B70: e. | C70: Estudio actuarial de las pensiones de sus trabajadores (x) | E70: Proyecto de Presupuesto de | G70: N.A. | H70: N.A. | J70: Art. 5 y 18 de la LDF
E71: Egresos / Formato 8
A72: 2 | B72: Balance Presupuestario de Recursos Disponibles, en caso de ser
B73: negativo
B74: a. | C74: Razones excepcionales que justifican el Balance Presupuestario de | E74: Iniciativa de Ley de Ingresos o | G74: N.A. | H74: N.A. | J74: Art. 6 y 19 de la LDF
C75: Recursos Disponibles negativo (y) | E75: Proyecto de Presupuesto de
E76: Egresos
B77: b. | C77: Fuente de recursos para cubrir el Balance Presupuestario de Recursos | E77: Iniciativa de Ley de Ingresos o | G77: N.A. | H77: N.A. | J77: Art. 6 y 19 de la LDF
C78: Disponibles negativo (z) | E78: Proyecto de Presupuesto de
E79: Egresos
B80: c. | C80: Número de ejercicios fiscales y acciones necesarias para cubrir el Balance | E80: Iniciativa de Ley de Ingresos o | G80: N.A. | H80: N.A. | J80: Art. 6 y 19 de la LDF
C81: Presupuestario de Recursos Disponibles negativo (aa) | E81: Proyecto de Presupuesto de
E82: Egresos
B83: d. | C83: Informes Trimestrales sobre el avance de las acciones para recuperar el | E83: Reporte Trim. y Cuenta Pública | G83: N.A. | H83: N.A. | J83: Art. 6 y 19 de la LDF
C84: Balance Presupuestario de Recursos Disponibles (bb)
A87: 3 | B87: Servicios Personales
B88: a. | C88: Remuneraciones de los servidores públicos (cc) | E88: Proyecto de Presupuesto | G88: =G47 -> 44561 | H88: =H46 -> 45461811 | J88: Art. 10 y 21 de la LDF
B89: b. | C89: Previsiones salariales y económicas para cubrir incrementos salariales, | E89: Proyecto de Presupuesto | G89: N.A. | H89: N.A. | J89: Art. 10 y 21 de la LDF
C90: creación de plazas y otros (dd)
A92: INDICADORES DEL EJERCICIO PRESUPUESTARIO
A93: A. INDICADORES CUANTITATIVOS
A94: 1 | B94: Ingresos Excedentes derivados de Ingresos de Libre Disposición
B95: a. | C95: Monto de Ingresos Excedentes derivados de ILD (ee) | E95: Cuenta Pública / Formato 5 | G95: N.A. | H95: N.A. | I95: pesos | J95: Art. 14 y 21 de la LDF
B96: b. | C96: Monto de Ingresos Excedentes derivados de ILD destinados al fin del | E96: Cuenta Pública | G96: N.A. | H96: N.A. | I96: pesos | J96: Art. 14 y 21 de la LDF
C97: A.14, fracción I de la LDF (ff)
B98: c. | C98: Monto de Ingresos Excedentes derivados de ILD destinados al fin del | E98: Cuenta Pública | G98: N.A. | H98: N.A. | I98: pesos | J98: Art. 14 y 21 de la LDF
C99: A.14, fracción II, a) de la LDF (gg)
B100: d. | C100: Monto de Ingresos Excedentes derivados de ILD destinados al fin del | E100: Cuenta Pública | G100: N.A. | H100: N.A. | I100: pesos | J100: Art. 14 y 21 de la LDF
C101: A.14, fracción II, b) de la LDF (hh)
B102: e. | C102: Monto de Ingresos Excedentes derivados de ILD destinados al fin del | G102: N.A. | H102: N.A. | I102: pesos | J102: Art. Noveno Transitorio de la
C103: artículo noveno transitorio de la LDF (ii) | J103: LDF
A104: B. INDICADORES CUALITATIVOS
A105: 1 | B105: Análisis Costo-Beneficio para programas o proyectos de inversión | E105: Página de internet de la | G105: N.A. | H105: N.A. | J105: Art. 13 frac. III y 21 de la LDF
...
